 Dungeon Crawl Stone Soup version 0.16.0-8-gd9ae3a8 (console) character file.

1426934 Monkaria the Axe Maniac (level 27, 257/289 (298) HPs)
             Began as a Deep Dwarf Fighter on Mar 14, 2015.
             Was the Champion of Makhleb.
             Sank and fell apart
             ... in Pandemonium on Mar 16, 2015.
             The game lasted 12:56:18 (118550 turns).

Monkaria the Axe Maniac (Deep Dwarf Fighter)      Turns: 118550, Time: 12:56:18

HP:   257/289 (298) AC: 65    Str: 30      XL:     27
MP:   32/45         EV: 28    Int:  8 (11) God:    Makhleb [******]
Gold: 17084         SH:  0    Dex: 18      Spells: 12 memorised, 16 levels left

rFire  + . .     SeeInvis +     Q - +9 executioner's axe (elec)
rCold  + + +     Clarity  .     X - +12 gold dragon armour
rNeg   + + +     SustAb   +     (no shield)
rPois  ∞         Gourm    .     (helmet restricted)
rElec  +         Spirit   .     J - +2 cloak {+Inv}
rCorr  .         Warding  +     H - +2 pair of gloves {Str+3}
rMut   .         Stasis   .     E - +2 pair of boots {Stlth+}
MR     +++++                    r - brooch of Shielding {Ward rN+ AC+4 EV+4}
Stlth  ..........               D - ring "Gennooj" {Wiz +Blink rElec rN+ Str+6 Slay-4}
                                a - ring "Thifesiu" {SustAb rPois MR- Str-4 Dex+3 SInv}

@: lich-form, very slightly contaminated, non-regenerating, hasted, very quick,
almost entirely resistant to hostile enchantments, extremely unstealthy
A: damage resistance, recharge devices, horns 1, rough black scales 1, blurry
vision 1, breathe flames 1, clever 1, clumsy 1, cold resistance 1, magic
resistance 1, mutation resistance 2, negative energy resistance 1, sense
surroundings 3, slow healing 3, weak 1
a: Device Recharging, End Transformation, Minor Destruction, Lesser Servant of
Makhleb, Major Destruction, Greater Servant of Makhleb, Renounce Religion,
Breathe Fire, Evoke Blink, Evoke Invisibility
}: 12/15 runes: barnacled, slimy, silver, golden, iron, obsidian, icy, bone,
abyssal, demonic, glowing, gossamer


You were in Pandemonium.
You worshipped Makhleb.
Makhleb was exalted by your worship.
You were not hungry.
You were a lich.
You visited 18 branches of the dungeon, and saw 94 of its levels.
You visited Pandemonium 2 times, and saw 9 of its levels.
You visited the Abyss 10 times.
You completed 1 ziggurat, and saw 27 of its levels.
You also visited: Trove, Bailey, Ice Cave, Volcano and Wizlab.

You collected 21661 gold pieces.
You spent 4577 gold pieces at shops.

Inventory:

Hand weapons
 g - a +0 great mace of holy wrath
 Q - a +9 executioner's axe of electrocution (weapon)
Armour
 E - a +2 pair of boots of stealth (worn)
 H - a +2 pair of gloves of strength (worn)
 J - a +2 cloak of invisibility (worn)
 X - a +12 gold dragon armour (worn)
Rods
 d - a -1 iron rod (10/10)
   (You took it off an anubis guard on level 3 of the Tomb of the Ancients)
 v - a +3 rod of clouds (9/9)
   (You found it on level 26 of a ziggurat)
Jewellery
 a - the ring "Thifesiu" (left hand) {SustAb rPois MR- Str-4 Dex+3 SInv}
   (You found it on level 3 of the Tomb of the Ancients)

   [ring of sustain abilities]

   It sustains your strength, intelligence and dexterity.
   It affects your strength (-4).
   It affects your dexterity (+3).
   It protects you from poison.
   It affects your resistance to hostile enchantments.
   It enhances your eyesight.
 i - an uncursed ring of magical power
 r - the brooch of Shielding (around neck) {Ward rN+ AC+4 EV+4}
   (You found it on level 15 of a ziggurat)

   [amulet of warding]

   It may prevent the melee attacks of summoned creatures.
   It affects your AC (+4).
   It affects your evasion (+4).
   It protects you from negative energy.
 u - the amulet of Benevolence {rCorr rElec Str-3 Int+2 Slay+4}
   (You found it in Pandemonium)

   [amulet of resist corrosion]

   It protects you from acid and corrosion.
   It affects your strength (-3).
   It affects your intelligence (+2).
   It affects your accuracy and damage with ranged weapons and melee attacks
   (+4).
   It insulates you from electricity.
 D - the ring "Gennooj" (right hand) {Wiz +Blink rElec rN+ Str+6 Slay-4}
   (You found it on level 3 of the Tomb of the Ancients)

   [ring of wizardry]

   It improves your spell success rate.
   It affects your strength (+6).
   It affects your accuracy and damage with ranged weapons and melee attacks
   (-4).
   It insulates you from electricity.
   It protects you from negative energy.
   It lets you blink.
 F - an uncursed ring of magical power
 K - the amulet "Colakkus" {rMut rF+}
   (You found it on level 3 of the Tomb of the Ancients)

   [amulet of resist mutation]

   It protects you from mutation.
   It protects you from fire.
 V - the ring of Skam {rElec EV+5 Str+7}
   (You found it on level 27 of a ziggurat)

   [ring of evasion]

   It affects your evasion (+5).
   It affects your strength (+7).
   It insulates you from electricity.
Magical devices
 j - a wand of heal wounds (5)
 l - a wand of draining (4)
 z - a wand of disintegration (9)
 U - a wand of teleportation (2)
Scrolls
 b - 34 scrolls of remove curse
 n - 2 scrolls of magic mapping
 o - 23 scrolls of blinking
 y - 12 scrolls of teleportation
 B - 2 scrolls of fear
 M - 8 scrolls of recharging
 P - 13 scrolls of fog
 W - 29 scrolls of identify
Potions
 c - 9 potions of resistance
 e - 10 potions of might
 h - 30 potions of curing
 k - 13 potions of cancellation
 m - 7 potions of flight
 p - a potion of magic
 q - 12 potions of haste
 s - a potion of brilliance
 t - 3 potions of berserk rage
 w - a potion of ambrosia
 x - 4 potions of agility
 C - 26 potions of heal wounds
 L - 11 potions of invisibility
 N - a potion of cure mutation
 O - 6 potions of restore abilities
Miscellaneous
 I - a lamp of fire
Comestibles
 f - 28 bread rations
 A - a meat ration
 R - a slice of pizza


   Skills:
 O Level 27 Fighting
 O Level 27 Axes
 O Level 27 Armour
 O Level 27 Dodging
   Level 3.2 Shields
 + Level 23.3 Spellcasting
 - Level 17.0 Hexes
 - Level 15.1 Charms
 - Level 24.3 Necromancy
 O Level 27 Transmutations
 - Level 17.7 Air Magic
 - Level 8.0 Poison Magic
 - Level 21.1 Invocations
 - Level 20.0 Evocations


You had 16 spell levels left.
You knew the following spells:

 Your Spells              Type           Power        Failure   Level  Hunger
a - Cure Poison           Pois           ###.......   1%          2    N/A
b - Condensation Shield   Ice            #.........   89%         4    N/A
c - Cigotuvi's Embrace    Necr           ######....   1%          5    N/A
d - Flight                Chrm/Air       #####.....   1%          3    N/A
e - Deflect Missiles      Chrm/Air       #####.....   1%          6    N/A
f - Silence               Hex/Air        #####.....   1%          5    N/A
g - Blink                 Tloc           N/A          14%         2    N/A
h - Necromutation         Trmt/Necr      ######....   4%          8    N/A
i - Control Undead        Necr           ######....   1%          4    N/A
j - Dispel Undead         Necr           ######..     1%          5    N/A
k - Haste                 Chrm           ####....     4%          6    N/A
l - Statue Form           Trmt/Erth      ####.....    6%          6    N/A

Dungeon Overview and Level Annotations

Branches:
Dungeon (15/15)            Temple (1/1) D:5            Lair (8/8) D:10
 Shoals (5/5) Lair:5       Spider (5/5) Lair:3        Slime (6/6) Lair:6
    Orc (4/4) D:10            Elf (3/3) Orc:4        Vaults (5/5) D:14
  Crypt (3/3) Vaults:3       Tomb (3/3) Crypt:3      Depths (5/5) D:15
   Hell (1/1)                 Dis (7/7) Hell            Geh (7/7) Hell
    Coc (7/7) Hell            Tar (7/7) Hell            Zot (4/5) Depths:5

Altars:
Ashenzari
Cheibriados
Dithmenos
Elyvilon
Fedhas
Gozag
Kikubaaqudgha
Makhleb
Nemelex Xobeh
Okawaru
Qazlal
Ru
Sif Muna
Trog
Vehumet
Xom
Yredelemnul
Zin
The Shining One
Jiyva
Lugonu

Shops:
D:8 [   D:13 [   D:14 =   Orc:1 [   Orc:3 [   Orc:4 [%!*   Elf:1 (   Elf:2 }%
Elf:3 !   Shoals:3 *   Vaults:2 *   Vaults:4 %   Vaults:5 [   Depths:4 %[*

Portals:
Hell: Depths:1 Depths:2 Depths:3 Depths:4 Depths:5
Abyss: Elf:1 Depths:1 Depths:3 Depths:4 Depths:5
Pandemonium: Depths:3

Annotations:
Lair:8 exclusion: ice statue
Pan Lom Lobon


Innate Abilities, Weirdness & Mutations

You are resistant to damage.
You can recharge devices by infusing magical energy.
You resist negative energy.
You passively map a large area around you.
You do not heal naturally.
You have a pair of small horns on your head.
You are partially covered in rough black scales (AC +4, Dex -1).
Scrolls take you a little longer to read.
You can breathe flames.
Your mind is acute. (Int +2)
You are clumsy. (Dex -2)
Your flesh is cold resistant.
You are resistant to hostile enchantments.
You are somewhat resistant to both further mutation and mutation removal.
You are weak. (Str -2)


Message History

You are feeling hungry.
You hear a clap of thunder! x2
You feel a bit more experienced.
You hear a clap of thunder! x2
All of the chunks of flesh in your inventory have rotted away.
Casting: Haste
Confirm with . or Enter, or press ? or * to list all spells.
Your body is suffused with negative energy!
You hear a clap of thunder! x5
The vortex of raging winds lifts you up.
You fly up into the air.
You hear a shout!
You are engulfed in raging winds.
You are engulfed in raging winds.
A blizzard demon comes into view.
You are engulfed in raging winds.
You are engulfed in raging winds.
You float gracefully downwards.
You fall into the water!
You sink like a stone!
You fall apart...
You die...

####* ≈ ≈######### ≈ ≈≈≈≈≈ ≈
####≈≈≈≈≈≈≈#### * ≈≈≈≈≈≈
###≈≈≈≈.....≈≈≈≈###≈ ≈≈≈≈≈≈
##≈≈≈.≈...≈...≈≈≈≈≈## ≈≈
≈≈≈≈≈≈##≈≈.≈..........§§≈≈≈##
≈≈≈≈≈##≈≈≈.(...........§.≈≈≈## ≈
.≈≈≈##≈.....[.)...≈≈≈§§§§§§≈≈##
≈≈≈##≈≈≈........≈≈§§.§≈§.§§§≈≈##
≈≈##≈....≈.≈.≈≈≈L≈§≈≈§.&.§§§≈≈≈#*
≈≈#≈.≈..≈≈.≈≈≈≈≈≈§≈≈§≈##.§§##≈≈≈#
≈##≈≈≈...≈≈≈≈≈≈≈≈§≈§###.§§§§# *≈*
≈#≈≈....≈≈≈≈≈≈≈≈≈§≈## ..§§§§.. *
≈#≈[≈..≈≈≈≈≈≈≈≈≈≈≈## ...§§§§...#*
##≈≈...≈.≈≈≈≈≈≈≈≈≈# ....*§§§...
≈≈≈....≈≈≈≈≈≈.≈≈2##.....§&§§.. *
.≈).)).≈≈≈≈...≈≈≈#,,....§.§[. ,,
.≈.^.)≈≈≈≈....≈≈≈# ... ,


You could see Lom Lobon (wandering) and a blizzard demon.

Vanquished Creatures
  Antaeus (Coc:7)
  Asmodeus (Geh:7)
  the royal jelly (Slime:6)
  the Serpent of Hell (Geh:7)
  Ereshkigal (Tar:7)
  A seraph (Pan)
  Mnoleg (Pan)
  Dispater (Dis:7)
  7 orbs of fire
  11 ancient liches
  13 pandemonium lords
  27 greater mummies
  Boris (twice) (Crypt:3 Tomb:1)
  14 shard shrikes
  The ghost of WhatIsLove the Intangible, a legendary KoAr of Nemelex Xobeh (Dis:7)
  Sojobo (Depths:5)
  A shard shrike (shapeshifter) (Depths:5)
  A caustic shrike (shapeshifter) (Zig:24)
  7 Killer Klowns
  4 curse toes
  16 golden dragons
  Geryon (Hell)
  19 profane servitors
  38 bone dragons
  A pearl dragon (Pan)
  the Enchantress (Depths:5)
  An electric golem (Zot:2)
  5 hellephants
  20 Brimstone Fiends
  31 liches
  The ghost of ghwc the Slayer, a mighty HOFi of Makhleb (Shoals:5)
  15 Hell Sentinels
  8 quicksilver dragons
  27 tentacled monstrosities
  25 Ice Fiends
  16 titans
  2 deep elf blademasters (Elf:3)
  12 Shadow Fiends
  A spellforged servitor (Geh:3)
  2 deep elf master archers (Elf:3)
  8 eldritch tentacles
  15 acid blobs
  Polyphemus (Shoals:3)
  4 krakens
  16 Executioners
  9 tengu reavers
  An octopode crusher (Zig:16)
  102 tentacled starspawn
  Agnes (Vaults:3)
  10 shadow dragons
  8 storm dragons
  9 sphinxes
  14 ancient champions
  Frances (Spider:1)
  A sphinx (shapeshifter) (Zig:24)
  16 azure jellies
  An azure jelly (shapeshifter) (Zig:24)
  25 greater nagas
  12 revenants
  19 daevas
  7 draconian monks
  Ilsuiw (Shoals:5)
  The ghost of hornqvist the Severer, a mighty FoFi of Qazlal (Spider:1)
  33 balrugs
  20 vault wardens
  A frost giant (shapeshifter) (Zig:24)
  40 fire giants
  Wiglaf (Depths:2)
  6 ghost moths
  14 iron dragons
  A warmonger (Pan)
  19 orc warlords
  12 frost giants
  17 cacodemons
  5 draconian scorchers
  5 draconian zealots
  5 draconian knights
  A curse skull (Crypt:3)
  6 caustic shrike zombies
  25 emperor scorpions
  33 angels
  Gastronok (Orc:2)
  16 deep elf sorcerers
  64 reapers
  31 war gargoyles
  2 ghouls (Crypt:2)
  Jorgrun (Vaults:4)
  4 spriggan defenders
  66 very ugly things
  17 ironheart preservers
  8 draconian annihilators
  31 stone giants
  2 draconian shifters
  3 caustic shrike skeletons
  18 ophanim
  3 elemental wellsprings
  31 apis (Pan)
  11 vampire knights
  3 blood saints (Pan)
  4 green draconians
  6 grey draconians
  A dire elephant (shapeshifter) (Zig:24)
  7 purple draconians
  4 black draconians
  4 bennus
  14 lorocyprocas
  3 draconian callers
  12 deep elf demonologists
  4 yellow draconians
  6 deep elf annihilators
  3 pale draconians
  7 white draconians
  4 chaos champions
  A spectral titan (Crypt:3)
  12 dire elephants
  3 red draconians
  9 mottled draconians
  7 unborn
  A black sun (Pan)
  7 eidola
  Snorg (Lair:4)
  10 merfolk javelineers
  14 fire dragons
  23 ettins
  40 vault guards
  10 deep elf death magi
  9 crystal guardians
  8 death oozes
  24 yaktaur captains
  20 green deaths
  26 mummy priests
  31 great orbs of eyes
  5 deep elf high priests (Elf:3)
  34 blizzard demons
  Josephine (Orc:2)
  4 quicksilver dragon zombies
  24 jiangshi
  4 hell beasts
  2 minotaurs
  11 merfolk impalers
  A kraken zombie (Coc:6)
  35 ice dragons
  3 ghost crabs (Zig:21)
  4 death cobs
  8 spriggan air magi
  34 rakshasas
  6 statues (WizLab)
  5 quicksilver dragon skeletons
  15 naga warriors
  3 alligators (Zig:21)
  2 monstrous demonspawn (Pan)
  A spectral frost giant (Tomb:1)
  15 hydras
  An anaconda (shapeshifter) (Elf:2)
  15 centaur warriors
  A spectral sphinx (Zig:21)
  Erica (Lair:4)
  5 catoblepae
  5 anacondas (Zig:27)
  2 alligator snapping turtles (Zig:16)
  11 merfolk aquamancers
  3 alligator snapping turtles (shapeshifter)
  4 death knights
  15 ogre magi
  5 tengu warriors
  10 deep troll earth magi
  22 dancing weapons
  6 deep troll shamans
  16 vampire magi
  6 shock serpents (Zig:27)
  141 thrashing horrors
  11 titan zombies
  25 soul eaters
  23 death yaks
  5 spriggan berserkers
  2 naga sharpshooters (Zig:27)
  21 iron trolls
  24 orc high priests
  45 sun demons
  23 hell hogs
  The ghost of ghwc the Cleaver, an experienced MiFi of Gozag (Bailey)
  An iron troll (shapeshifter) (Zig:24)
  A spectral spriggan (Zig:13)
  36 death scarabs
  6 storm dragon zombies
  8 titan skeletons
  13 iron golems
  3 spectral elves
  A fire crab (Vaults:1)
  96 wretched stars
  79 skeletal warriors
  24 giant orange brains
  2 quicksilver dragon simulacra
  22 deep elf knights
  2 salamander mystics (Depths:2)
  16 shadow wraiths
  54 ice devils
  3 fire crabs (shapeshifter)
  8 golden dragon zombies
  58 hell knights
  20 unseen horrors
  38 spatial maelstroms
  A giant orange brain (shapeshifter) (Abyss:1)
  38 deep trolls
  2 gelid demonspawn (Pan)
  3 infernal demonspawn (Pan)
  18 deep elf summoners
  5 ghost moth zombies
  14 sea snakes
  24 flayed ghosts
  17 cherubim (Pan)
  5 death drakes
  7 storm dragon skeletons
  3 spriggan druids (Zig:21)
  2 anaconda zombies
  16 shadow demons
  A spectral hydra (Abyss:4)
  6 ice statues
  2 shambling mangroves (Zig:21)
  5 swamp dragons (Zig:21)
  3 swamp dragons (shapeshifter)
  12 deep elf conjurers
  5 tengu zombies
  An unseen horror (shapeshifter) (Vaults:3)
  An obsidian statue (Depths:1)
  A spectral iron dragon (Zig:21)
  A spectral minotaur (Tomb:1)
  20 orc knights
  3 naga ritualists (Zig:27)
  8 anaconda skeletons
  3 deathcaps (Zot:4)
  6 shadow dragon zombies
  20 necromancers
  21 ironbrand convokers
  6 torturous demonspawn (Pan)
  5 golden dragon skeletons
  20 hill giants
  3 sphinx zombies
  A glowing shapeshifter (Vaults:5)
  5 putrid demonspawn (Pan)
  23 phantasmal warriors
  20 orb spiders
  14 orc sorcerers
  38 anubis guards
  16 manticores
  3 ugly thing zombies (Abyss:5)
  2 wolf spider zombies
  A harpy (shapeshifter) (Abyss:1)
  9 shining eyes
  8 iron dragon zombies
  13 harpies
  13 hornets
  8 shadow dragon skeletons
  6 stone giant zombies
  115 ugly things
  A spectral ice dragon (Tomb:1)
  A hornet (shapeshifter) (Abyss:1)
  8 fire giant zombies
  14 griffons
  8 salamanders
  A spectral ettin (Tomb:2)
  A cyclops (shapeshifter) (Depths:5)
  4 frost giant zombies
  5 oklob plants
  10 mana vipers
  3 tengu skeletons
  9 elephants
  37 wolf spiders
  8 cyclopes
  7 eyes of devastation
  35 moths of wrath
  5 water nymphs
  42 worldbinders
  2 sphinx skeletons
  3 centaur zombies
  7 fauns
  11 dire elephant zombies
  15 wizards
  A salamander (shapeshifter) (Abyss:3)
  5 fire giant skeletons
  14 guardian serpents
  4 frost giant skeletons
  37 rust devils
  2 shock serpent zombies
  6 molten gargoyles
  7 iron dragon skeletons
  Joseph (D:9)
  25 apocalypse crabs
  2 black mambas (shapeshifter)
  339 large abominations
  7 sirens
  5 stone giant skeletons
  A queen ant (Lair:2)
  27 black mambas
  3 gargoyles
  16 vault sentinels
  A guardian serpent (shapeshifter) (Abyss:2)
  16 spiny frogs
  A storm dragon simulacrum (Abyss:4)
  2 emperor scorpion zombies
  40 sixfirhies
  11 torpor snails
  A shock serpent skeleton (Coc:4)
  3 centaur skeletons
  46 orange demons
  3 dire elephant skeletons
  125 smoke demons
  6 spriggan skeletons
  Psyche (D:9)
  8 naga magi
  A ghost moth simulacrum (Abyss:1)
  2 titan simulacra
  6 komodo dragons
  52 yaktaurs
  30 hellions
  An iron troll zombie (Zig:25)
  35 demonic crawlers
  9 fire drakes
  3 golden dragon simulacra
  A catoblepas skeleton (Geh:7)
  A yaktaur (shapeshifter) (Abyss:4)
  A death yak skeleton (Crypt:1)
  5 anaconda simulacra
  2 elves (Depths:4)
  A red draconian skeleton (Crypt:2)
  110 ancient zymes
  45 guardian mummies
  12 kobold demonologists
  A komodo dragon (shapeshifter) (Vaults:3)
  22 deep elf priests
  27 efreet
  A redback zombie (D:14)
  45 hellwings
  2 polar bears (shapeshifter)
  25 two-headed ogres
  34 red devils
  6 trolls
  3 human skeletons
  36 merfolk
  An iron troll skeleton (Crypt:2)
  77 freezing wraiths
  A wolf spider simulacrum (Tomb:2)
  33 blue devils
  A harpy zombie (Crypt:1)
  A fire drake (shapeshifter) (Abyss:3)
  15 hydra zombies
  7 polar bears
  37 tormentors
  A queen bee (shapeshifter) (Depths:1)
  Sonja (Orc:2)
  2 fire vortices (Volcano)
  A fire giant simulacrum (Tomb:3)
  4 wind drakes
  2 bog bodies
  5 silent spectres
  4 hydra skeletons
  A baby alligator (Abyss:3)
  3 baby alligators (shapeshifter)
  A two-headed ogre (shapeshifter) (Abyss:1)
  8 snapping turtles
  8 boulder beetles
  2 giant leeches
  2 frost giant simulacra
  173 slime creatures
  A spectral swamp dragon (Crypt:3)
  14 air elementals
  41 blink frogs
  4 harpy skeletons
  8 ettin zombies
  2 moth of wrath zombies (Zig:25)
  16 ravens
  201 raiju
  24 ushabtiu
  A griffon zombie (Crypt:1)
  3 fire dragon zombies
  3 iron dragon simulacra
  A slime creature (shapeshifter) (Zig:24)
  A snapping turtle (shapeshifter) (Vaults:2)
  22 jumping spiders
  4 ice dragon skeletons
  A blink frog (shapeshifter) (Depths:1)
  A basilisk (shapeshifter) (Vaults:2)
  6 ice dragon zombies
  A raven (shapeshifter) (Abyss:1)
  2 shadow dragon simulacra
  8 alligator zombies
  149 flying skulls
  18 trapdoor spiders
  2 stone giant simulacra
  10 basilisks
  12 wandering mushrooms
  3 alligator skeletons
  7 ettin skeletons
  37 wraiths
  A spriggan (Zig:21)
  26 water elementals
  3 black mamba zombies
  38 deep elf magi
  A human (shapeshifter) (Abyss:1)
  3 fire dragon skeletons
  39 vampires
  26 tarantellas
  2 wyverns
  2 yaks (shapeshifter)
  70 ynoxinuls
  71 yaks
  38 golden eyes
  37 redbacks
  A tarantella (shapeshifter) (Vaults:3)
  112 neqoxecs
  48 shadows
  A black mamba skeleton (Coc:5)
  20 fire bats
  23 fire elementals
  A dire elephant simulacrum (Abyss:3)
  A hog (shapeshifter) (Elf:3)
  15 hungry ghosts
  37 deep elf fighters
  Grum (D:11)
  90 chaos spawn
  A hill giant skeleton (Crypt:3)
  An emperor scorpion simulacrum (Crypt:2)
  A steam dragon (D:13)
  2 humans (Depths:4)
  28 vampire mosquitoes
  A naga (shapeshifter) (D:14)
  7 elf skeletons
  6 harpy simulacra (IceCv)
  64 spatial vortices
  12 hippogriffs
  A spectral spiny frog (Tomb:2)
  6 hydra simulacra
  A putrid demonspawn zombie (Crypt:3)
  3 merfolk zombies
  Edmund (Orc:1)
  17 insubstantial wisps
  An iron troll simulacrum (IceCv)
  24 water moccasins
  A death yak simulacrum (IceCv)
  Menkaure (D:5)
  14 soldier ants
  3 mottled dragons
  A warg (shapeshifter) (Abyss:1)
  21 wargs
  28 wolves
  An elf simulacrum (Zig:13)
  16 nagas
  21 eyes of draining
  266 small abominations
  6 spiny frog zombies
  8 porcupines
  36 spiders
  A deep troll skeleton (Crypt:2)
  A gelid demonspawn skeleton (Geh:6)
  73 hell hounds
  6 sky beasts
  A porcupine (shapeshifter) (Abyss:4)
  2 spiny frog skeletons
  12 phantoms
  15 wasps
  71 ogres
  A dwarf (shapeshifter) (Abyss:1)
  10 boggarts
  2 ettin simulacra (Hell)
  3 swamp dragon zombies
  4 swamp drakes
  2 black bears
  23 necrophages
  87 orc warriors
  A black mamba simulacrum (Crypt:3)
  An eye of draining (shapeshifter) (Abyss:1)
  3 snapping turtle zombies
  2 black bears (shapeshifter)
  34 ice beasts
  3 boring beetles
  15 crocodiles
  2 alligator simulacra
  An orc skeleton (Abyss:4)
  4 snapping turtle skeletons
  2 ogres (shapeshifter) (Abyss:1)
  2 blink frog skeletons
  A spectral cyclops (Zig:21)
  A tengu (Zig:21)
  2 centaurs (shapeshifter) (Abyss:1)
  A swamp dragon skeleton (Hell)
  A boring beetle (shapeshifter) (Vaults:2)
  2 crocodiles (shapeshifter)
  A komodo dragon zombie (Crypt:1)
  Sigmund (D:2)
  Duvessa (D:7)
  5 big kobolds
  22 human zombies
  A vine stalker zombie (Crypt:2)
  24 centaurs
  3 brain worms
  2 yaktaur zombies
  A hell hound zombie (Abyss:1)
  31 giant frogs
  A salamander skeleton (Crypt:3)
  10 earth elementals
  A scorpion (shapeshifter) (Vaults:5)
  3 warg zombies (Zig:25)
  8 scorpions
  13 elf zombies
  A hippogriff zombie (Crypt:3)
  A raiju zombie (Abyss:4)
  26 killer bees
  6 spriggan zombies
  4 raiju skeletons
  A troll skeleton (Geh:7)
  2 snapping turtle simulacra
  A yak skeleton (Crypt:3)
  32 crimson imps
  2 draconian simulacra (IceCv)
  2 electric eels (D:10)
  Dowan (D:7)
  47 quasits
  674 starcursed masses
  85 wights
  3 goliath beetles
  8 hounds
  2 black bear zombies
  69 jellies
  59 iron imps
  A worker ant (shapeshifter) (Abyss:1)
  A spriggan simulacrum (IceCv)
  A giant frog skeleton (D:10)
  17 iguanas
  49 orc priests
  A basilisk skeleton (Crypt:3)
  30 orc wizards
  21 hell rats
  A lightning spire (Zig:8)
  44 worker ants
  A sheep (shapeshifter) (Abyss:1)
  5 troll simulacra (IceCv)
  2 centaur simulacra (IceCv)
  3 polar bear simulacra (IceCv)
  A brain worm zombie (Crypt:2)
  A demigod zombie (Crypt:1)
  2 ogre zombies
  16 sheep
  A wolf simulacrum (IceCv)
  2 spectral hounds (Depths:4)
  A hound zombie (D:11)
  A dwarf skeleton (Crypt:1)
  A human simulacrum (Abyss:1)
  Terence (D:2)
  A hell rat zombie (Hell)
  64 mummies
  A hound skeleton (D:7)
  26 adders
  A gnoll (shapeshifter) (Abyss:1)
  2 worker ant zombies
  3 naga simulacra (IceCv)
  10 gnolls
  2 ogre simulacra
  65 river rats
  23 shadow imps
  74 white imps
  An adder (shapeshifter) (Abyss:1)
  A giant mite (D:7)
  A worm (shapeshifter) (Depths:4)
  185 ufetubi
  A giant eyeball (Abyss:4)
  2 adder skeletons
  A lava snake skeleton (Crypt:3)
  6 giant geckos
  An ooze (shapeshifter) (Abyss:1)
  4 oozes
  331 orcs
  3 ball pythons
  3 bat skeletons
  2 bat zombies
  38 goblins
  2 hobgoblins (shapeshifter)
  20 hobgoblins
  6 jackals
  22 bats
  3 giant cockroaches
  2 giant gecko skeletons
  6 giant newts
  A hobgoblin zombie (Zig:25)
  3 jackals (shapeshifter) (Abyss:1)
  A jackal skeleton (D:4)
  A jackal zombie (D:5)
  32 kobolds
  A kobold zombie (Dis:7)
  13 lurking horrors
  22 orc zombies
  19 quokkas
  A quokka skeleton (D:3)
  19 rats
  3 ballistomycetes
  A bush (Abyss:1)
  11 butterflies (Dis:7)
  7 crawling corpses
  6 fungi
  2 grand avatars (Pan)
  24 plants
  115 starspawn tentacles
  2 starspawn tentacle segments (Abyss:4)
  14 tentacles
10056 creatures vanquished.

Vanquished Creatures (collateral kills)
  A deep elf annihilator (Elf:3)
  A crystal guardian (Elf:3)
  A death ooze (Slime:6)
  2 hydras
  Nergalle (Lair:2)
  An ice devil (Coc:7)
  A swamp dragon (Zig:21)
  3 orb spiders (Spider:5)
  A shining eye (Slime:6)
  A fire drake (Zig:23)
  A trapdoor spider (Spider:5)
  A raven (Zig:21)
  A naga (Zig:27)
16 creatures vanquished.

Vanquished Creatures (others)
  A quicksilver dragon (Geh:7)
  An Executioner (Elf:3)
  A greater naga (Zig:27)
  A draconian annihilator (Pan)
  2 reapers
  A very ugly thing (Abyss:1)
  A deep elf annihilator (Pan)
  An unborn (Tomb:2)
  A crystal guardian (Elf:3)
  2 ice dragons
  An alligator (Zig:21)
  3 thrashing horrors
  A skeletal warrior (Tar:7)
  2 ball lightnings
  2 swamp dragons (Zig:21)
  A necromancer (Geh:7)
  A mana viper (Zig:13)
  A tengu skeleton (Zig:19)
  An ugly thing (Abyss:1)
  A large abomination (Abyss:4)
  A fire giant skeleton (Geh:6)
  A sixfirhy (Abyss:4)
  A guardian serpent (Zig:27)
  A smoke demon (Abyss:2)
  An orange demon (Elf:3)
  A hellwing (Abyss:4)
  2 yaktaurs
  2 ancient zymes (Abyss:4)
  4 air elementals
  3 fire drakes (Zig:23)
  A two-headed ogre (shapeshifter) (Abyss:4)
  A red devil (Abyss:4)
  2 blink frogs
  14 fire elementals
  A raiju (Abyss:4)
  6 flying skulls
  A fire dragon skeleton (Abyss:5)
  A spriggan (Zig:21)
  A wraith (Zig:26)
  A shadow (Zig:19)
  A redback (Spider:5)
  A ynoxinul (Abyss:3)
  A chaos spawn (Zig:25)
  A tarantella (Spider:5)
  A vampire (Crypt:3)
  4 deep elf fighters (Elf:3)
  3 golden eyes (Abyss:5)
  2 neqoxecs
  A wolf (Depths:4)
  An elf skeleton (Zig:19)
  An earth elemental (Spider:5)
  A warg (Zig:25)
  2 boggarts
  11 lost souls
  A wasp (Zig:21)
  A big kobold (Abyss:4)
  A centaur (Depths:2)
  A brain worm (Abyss:4)
  A gnoll sergeant (Zig:25)
  3 small abominations
  A centaur skeleton (Tomb:2)
  An iron imp (Zig:17)
  A quasit (Abyss:1)
  A mummy (Tomb:2)
  A river rat (shapeshifter) (Abyss:1)
  2 white imps (Zig:26)
  2 ufetubi (Abyss:3)
  3 orcs
  6 kobolds
  3 giant spores
  15 lurking horrors
  4 ballistomycetes (Abyss:4)
  9 bushes
  121 eldritch tentacle segments
  A fungus (Lair:7)
  32 plants
  149 starspawn tentacles
  1770 starspawn tentacle segments
  14 tentacles
  244 tentacle segments
2491 creatures vanquished.

Grand Total: 12563 creatures vanquished

Notes
Turn   | Place    | Note
--------------------------------------------------------------
     0 | D:1      | Monkaria, the Deep Dwarf Fighter, began the quest for the Orb.
     0 | D:1      | Reached XP level 1. HP: 20/20 MP: 1/1
   221 | D:1      | Reached XP level 2. HP: 21/27 MP: 2/2
   493 | D:1      | Reached XP level 3. HP: 24/34 MP: 3/3
   943 | D:2      | Noticed Terence
   951 | D:2      | Killed Terence
  1031 | D:2      | Reached skill level 4 in Fighting
  1031 | D:2      | Reached XP level 4. HP: 28/44 MP: 4/4
  1176 | D:2      | Noticed Sigmund
  1182 | D:2      | Killed Sigmund
  1182 | D:2      | Reached skill level 5 in Fighting
  1182 | D:2      | Reached XP level 5. HP: 42/52 MP: 5/5
  1663 | D:3      | Reached XP level 6. HP: 37/61 MP: 6/6
  1777 | D:3      | Found a bloodstained altar of Trog.
  2529 | D:4      | Reached skill level 5 in Armour
  3105 | D:5      | Entered Level 5 of the Dungeon
  3204 | D:5      | Found a staircase to the Ecumenical Temple.
  3219 | Temple   | Entered the Ecumenical Temple
  3275 | Temple   | Became a worshipper of Makhleb the Destroyer
  3325 | D:5      | Noticed Menkaure
  3338 | D:5      | Killed Menkaure
  3338 | D:5      | Reached skill level 6 in Fighting
  3338 | D:5      | Reached XP level 7. HP: 51/69 MP: 7/7
  3416 | D:5      | Noticed Prince Ribbit
  3599 | D:5      | Reached skill level 7 in Fighting
  3664 | D:5      | Acquired Makhleb's first power
  3744 | D:5      | Noticed Prince Ribbit
  3744 | D:5      | Prince Ribbit changed into Prince Ribbit the ice beast
  3748 | D:5      | Killed Prince Ribbit the ice beast
  4105 | D:6      | Reached skill level 5 in Axes
  4358 | D:6      | Reached XP level 8. HP: 52/80 MP: 6/6
  4400 | D:6      | Acquired Makhleb's second power
  4740 | D:6      | Got a twisted war axe
  4741 | D:6      | Identified the +4 war axe "Pumyewn" {antimagic, Dex+3} (You found it on level 6 of the Dungeon)
  5138 | D:7      | Reached skill level 8 in Axes
  5188 | D:7      | Noticed Dowan
  5201 | D:7      | Killed Dowan
  5205 | D:7      | Noticed Duvessa
  5214 | D:7      | Killed Duvessa
  5505 | D:8      | Gained mutation: You passively map the area around you. [level up]
  5505 | D:8      | Reached XP level 9. HP: 50/86 MP: 2/7
  5519 | D:8      | Found a shimmering altar of Xom.
  5538 | D:8      | Found Upatt's Antique Armour Boutique.
  5547 | D:8      | Bought a runed cloak for 130 gold pieces
  5552 | D:8      | Bought a pair of runed gloves for 130 gold pieces
  5727 | D:8      | Found a radiant altar of Vehumet.
  5748 | D:8      | Acquired Makhleb's third power
  6233 | D:9      | Reached skill level 9 in Armour
  6283 | D:9      | Reached skill level 10 in Armour
  6507 | D:9      | Gained mutation: You possess an exceptional clarity of mind. [potion of mutation]
  6507 | D:9      | Gained mutation: You are surrounded by a mild repulsion field (EV +2). [potion of mutation]
  6507 | D:9      | Gained mutation: You passively map a large area around you. [potion of mutation]
  6566 | D:9      | Reached skill level 11 in Armour
  6677 | D:9      | Noticed Joseph
  6681 | D:9      | Acquired Makhleb's fourth power
  6688 | D:9      | Killed Joseph
  6688 | D:9      | Reached XP level 10. HP: 71/94 MP: 2/8
  6727 | D:9      | Noticed Psyche
  6733 | D:9      | Killed Psyche
  6847 | D:9      | Reached skill level 10 in Axes
  6967 | D:10     | Entered Level 10 of the Dungeon
  6994 | D:10     | Found a staircase to the Lair.
  6994 | D:10     | Noticed an elephant
  7011 | D:10     | Killed an elephant
  7433 | D:10     | Acquired Makhleb's fifth power
  7434 | D:10     | Reached skill level 12 in Axes
  7463 | D:10     | Found a staircase to the Orcish Mines.
  8195 | D:11     | Reached XP level 11. HP: 100/100 MP: 3/9
  8231 | D:11     | Killed an unseen horror
  8231 | D:11     | Reached skill level 13 in Axes
  8248 | D:11     | Noticed a hill giant
  8258 | D:11     | Noticed Grum
  8259 | D:11     | Killed a hill giant
  8267 | D:11     | Killed Grum
  8273 | D:11     | Noticed a hill giant
  8298 | D:11     | Found a flagged portal.
  8308 | D:11     | Killed a hill giant
  8308 | D:11     | Reached skill level 14 in Axes
  8340 | Bailey   | Entered a bailey
  8383 | Bailey   | Noticed ghwc's ghost (experienced MiFi)
  8395 | Bailey   | Killed ghwc's ghost
  8808 | D:11     | Noticed a hill giant
  8815 | D:11     | Killed a hill giant
  8862 | D:11     | Noticed a purple ugly thing
  8870 | D:11     | Killed a purple ugly thing
  8898 | D:11     | Noticed a purple ugly thing
  8904 | D:11     | Killed a purple ugly thing
  8904 | D:11     | Reached XP level 12. HP: 107/110 MP: 3/9
  8931 | D:11     | Identified a scroll of acquirement
  9116 | Lair:1   | Entered Level 1 of the Lair of Beasts
  9994 | Lair:2   | Noticed a four-headed hydra
 10134 | Lair:2   | Reached skill level 1 in Invocations
 10212 | Lair:2   | Reached skill level 5 in Invocations
 10410 | Lair:2   | Killed a four-headed hydra
 10422 | Lair:2   | Noticed Nergalle
 10432 | Lair:2   | Killed Nergalle
 11181 | Lair:3   | Found a hole to the Spider Nest.
 11187 | Lair:3   | Reached skill level 10 in Invocations
 11307 | Lair:3   | Noticed a four-headed hydra
 11312 | Lair:3   | Killed a four-headed hydra
 12330 | Lair:4   | Noticed Snorg
 12409 | Lair:3   | Reached XP level 13. HP: 85/121 MP: 8/24
 12544 | Lair:4   | Noticed Erica
 12556 | Lair:4   | Killed Erica
 12556 | Lair:4   | Reached skill level 15 in Axes
 12616 | Lair:4   | Killed Snorg
 12869 | Lair:4   | Got a steaming great sword
 12870 | Lair:4   | Identified the +8 great sword of the Four Souls {drain, Noisy rPois rF- MR+ Stlth+} (You found it on level 4 of the Lair of Beasts)
 13471 | Lair:4   | Got a translucent falchion
 13472 | Lair:4   | Identified the +10 falchion "Frupli Kliun" {slice, +Rage rElec rPois MP+9} (You found it on level 4 of the Lair of Beasts)
 13859 | Lair:5   | Reached skill level 16 in Axes
 14111 | Lair:5   | Found a staircase to the Shoals.
 14117 | Lair:5   | Reached skill level 10 in Fighting
 14564 | Lair:6   | Found a dark tunnel.
 14591 | Volcano  | Entered a volcano
 14870 | Lair:6   | Found a staircase to the Slime Pits.
 15852 | Lair:7   | Gained mutation: You resist negative energy. [level up]
 15852 | Lair:7   | Reached XP level 14. HP: 135/135 MP: 8/25
 16192 | Lair:7   | Reached skill level 17 in Axes
 16235 | Lair:7   | Found an iron altar of Okawaru.
 16873 | Lair:8   | Entered Level 8 of the Lair of Beasts
 17897 | Lair:8   | Gained mutation: You are somewhat resistant to further mutation. [potion of beneficial mutation]
 19102 | Orc:1    | Entered Level 1 of the Orcish Mines
 19118 | Orc:1    | Noticed Edmund
 19124 | Orc:1    | Found Yqupsit's Antique Armour Boutique.
 19129 | Orc:1    | Killed Edmund
 19492 | Orc:3    | Found a shimmering altar of Xom.
 19515 | Orc:3    | Reached XP level 15. HP: 68/147 MP: 8/26
 19541 | Orc:3    | Found Cuaxuawk's Antique Armour Boutique.
 19576 | Orc:3    | Reached skill level 15 in Armour
 19976 | Orc:2    | Noticed Josephine
 19985 | Orc:2    | Killed Josephine
 20021 | Orc:2    | Noticed Sonja
 20051 | Orc:2    | Killed Sonja
 20377 | Orc:2    | Noticed Gastronok
 20390 | Orc:2    | Killed Gastronok
 20984 | Orc:4    | Entered Level 4 of the Orcish Mines
 20990 | Orc:4    | Reached skill level 1 in Evocations
 21193 | Orc:4    | Reached skill level 5 in Evocations
 21328 | Orc:4    | Found Ezxaj's Food Shop.
 21330 | Orc:4    | Found Lihai's Distillery.
 21331 | Orc:4    | Found Piomenea's Armour Shop.
 21332 | Orc:4    | Found Poan's Assorted Antiques.
 21336 | Orc:4    | Bought a potion of cancellation for 128 gold pieces
 21336 | Orc:4    | Bought a potion of heal wounds for 80 gold pieces
 21338 | Orc:4    | Bought an encrusted bronze wand for 116 gold pieces
 21342 | Orc:4    | Bought a potion of agility for 64 gold pieces
 21342 | Orc:4    | Bought a potion of haste for 160 gold pieces
 21342 | Orc:4    | Bought 2 potions of curing for 96 gold pieces
 21342 | Orc:4    | Bought a potion of might for 64 gold pieces
 21342 | Orc:4    | Bought a potion of resistance for 160 gold pieces
 21344 | Orc:4    | Bought a potion of heal wounds for 145 gold pieces
 21344 | Orc:4    | Bought a potion of heal wounds for 145 gold pieces
 21344 | Orc:4    | Bought a scroll of identify for 58 gold pieces
 21406 | Orc:4    | Found a staircase to the Elven Halls.
 21533 | Orc:4    | Reached skill level 10 in Evocations
 23068 | D:13     | Found Ydwieg's Armour Boutique.
 23395 | D:14     | Gained mutation: Your magical capacity is low (-10% MP). [mutagenic meat]
 23661 | D:14     | Found a gate to the Vaults.
 23670 | D:14     | Reached skill level 18 in Axes
 23670 | D:14     | Reached XP level 16. HP: 156/156 MP: 25/25
 23867 | D:14     | Found Vengunno's Jewellery Shop.
 23880 | D:14     | Got an ancient flail
 24251 | D:14     | Found a portal to a secret trove of treasure.
 24375 | D:15     | Entered Level 15 of the Dungeon
 24481 | D:15     | Reached skill level 19 in Axes
 24494 | D:15     | Gained mutation: You are frail (-10% HP). [mutagenic meat]
 24495 | D:15     | Lost mutation: You are frail (-10% HP). [mutagenic meat]
 24496 | D:15     | Gained mutation: You can breathe flames. [mutagenic meat]
 25137 | D:15     | Found a staircase to the Depths.
 25226 | D:15     | Identified the +11 flail "Loczoheaz" {freeze, MP+9 Int-3 Dex+3} (You found it on level 14 of the Dungeon)
 25228 | D:15     | Upgraded the game from 0.16.0 to 0.16.0-6-gad6103a
 25429 | Lair:1   | Learned a level 2 spell: Cure Poison
 25545 | Shoals:1 | Entered Level 1 of the Shoals
 25589 | Shoals:1 | Found a frozen archway.
 25599 | Shoals:1 | Reached skill level 1 in Spellcasting
 25636 | IceCv    | Entered an ice cave
 26217 | IceCv    | Noticed an Ice Fiend
 26226 | IceCv    | Killed an Ice Fiend
 26432 | Shoals:1 | Reached skill level 5 in Spellcasting
 27157 | Shoals:2 | Reached XP level 17. HP: 147/163 MP: 26/26
 27313 | Shoals:2 | Reached skill level 1 in Poison Magic
 27452 | Shoals:3 | Noticed Polyphemus
 27488 | Shoals:3 | Killed Polyphemus
 27691 | Shoals:3 | Found Inkoanur's General Store.
 27711 | Shoals:3 | Bought a scroll of blinking for 105 gold pieces
 27711 | Shoals:3 | Bought a scroll of teleportation for 42 gold pieces
 27876 | Shoals:3 | Cast into the Abyss (merfolk impaler)
 28035 | Abyss:1  | Noticed a bone dragon
 28049 | Abyss:1  | Killed a bone dragon
 28049 | Abyss:1  | Reached skill level 5 in Poison Magic
 28063 | Abyss:1  | Found a corrupted altar of Lugonu.
 28156 | Abyss:1  | Gained mutation: You can spit poison. [mutagenic meat]
 28192 | Abyss:1  | Paralysed by accursed screaming for 1 turns
 28220 | Shoals:3 | Escaped the Abyss
 28447 | Shoals:3 | Got an ichor-stained leather armour
 28599 | Shoals:3 | Lost mutation: You are somewhat resistant to further mutation. [potion of mutation]
 28599 | Shoals:3 | Gained mutation: You can spit moderately strong poison. [potion of mutation]
 29593 | Shoals:4 | Got a pitted plate armour
 29594 | Shoals:4 | Identified the +2 plate armour of Midnight {+Blink rC+ Int-3 Slay+2 SInv} (You found it on level 4 of the Shoals)
 29709 | Shoals:4 | Reached skill level 1 in Dodging
 29898 | Shoals:5 | Entered Level 5 of the Shoals
 30056 | Shoals:5 | Reached skill level 5 in Dodging
 30172 | Shoals:5 | Noticed ghwc's ghost (mighty HOFi)
 30232 | Shoals:5 | Killed ghwc's ghost
 30433 | Shoals:5 | Mutation became permanent: You passively map a large area around you. [level up]
 30433 | Shoals:5 | Reached XP level 18. HP: 166/171 MP: 27/27
 30447 | Shoals:5 | Noticed Ilsuiw
 30458 | Shoals:5 | Killed Ilsuiw
 30494 | Shoals:5 | Got a barnacled rune of Zot
 30712 | Shoals:5 | Learned a level 3 spell: Mephitic Cloud
 30848 | Shoals:3 | Reached skill level 10 in Dodging
 31025 | Lair:1   | Learned a level 5 spell: Cigotuvi's Embrace
 31029 | Lair:1   | Learned a level 3 spell: Flight
 31189 | Slime:1  | Entered Level 1 of the Pits of Slime
 32681 | Slime:4  | Gained mutation: Scrolls take you a little longer to read. [a shining eye]
 35126 | Elf:1    | Entered Level 1 of the Elven Halls
 35156 | Elf:1    | Reached skill level 15 in Dodging
 35157 | Elf:1    | Reached XP level 19. HP: 176/176 MP: 27/27
 35218 | Elf:1    | Found a corrupted altar of Lugonu.
 35237 | Elf:1    | Found a one-way gate to the infinite horrors of the Abyss.
 35274 | Elf:1    | Found a magical portal.
 35297 | WizLab   | Entered Tukima's Studio
 35620 | Elf:1    | Found Kokli Vae's Antique Weapon Boutique.
 35843 | Elf:1    | Identified Poecer's Catalogue of the Entourage
 36404 | Elf:2    | Gained mutation: You can spit strong poison. [mutagenic meat]
 36576 | Elf:2    | Found Xaala's Gadget Shoppe.
 36656 | Elf:2    | Found a runed gate.
 36656 | Elf:2    | Found a runed gate.
 36663 | Elf:2    | Found a runed gate.
 36688 | Elf:2    | Found Frekhic's Food Shoppe.
 36820 | Elf:2    | Got a brightly glowing great sword
 36821 | Elf:2    | Identified the cursed +2 great sword of Sequestration {drain, +Fly rPois MR- Int+4 Stlth+} (You found it on level 2 of the Elven Halls)
 37383 | Elf:3    | Entered Level 3 of the Elven Halls
 37413 | Elf:3    | Found Finue's Distillery.
 37437 | Elf:3    | Bought a potion of curing for 42 gold pieces
 37437 | Elf:3    | Bought a potion of berserk rage for 70 gold pieces
 37443 | Elf:3    | Bought a potion of invisibility for 112 gold pieces
 37443 | Elf:3    | Bought a potion of cancellation for 112 gold pieces
 38321 | Elf:3    | Reached XP level 20. HP: 156/185 MP: 27/27
 39272 | Elf:3    | Identified Firph's Grimoire of Blows and Bruises (You found it on level 3 of the Elven Halls)
 39281 | Elf:3    | Identified the Reference Book on Weightlessness and Protection (You found it on level 3 of the Elven Halls)
 39284 | Elf:3    | Identified the Disquisition on Translocation (You found it on level 3 of the Elven Halls)
 39299 | Elf:3    | Identified the Papyrus of Attacks (You found it on level 3 of the Elven Halls)
 39308 | Elf:3    | Got a sparkling platinum ring
 39383 | Elf:3    | Got a translucent turquoise ring
 39654 | Lair:1   | Identified the cursed ring "Asimpuj" {Contam AC-3 Slay+6 SInv} (You found it on level 3 of the Elven Halls)
 39663 | Lair:1   | Identified the cursed ring "Fuech" {Int+3 Dex-5} (You took it off a deep elf death mage on level 3 of the Elven Halls)
 39675 | Lair:1   | Identified Sif Muna's Guide on Summoning (You acquired it on level 1 of the Lair of Beasts)
 40200 | Spider:1 | Entered Level 1 of the Spider Nest
 40290 | Spider:1 | Noticed hornqvist's ghost (mighty FoFi)
 40302 | Spider:1 | Killed hornqvist's ghost
 40441 | Spider:1 | Noticed Frances
 40447 | Spider:1 | Killed Frances
 42315 | Spider:3 | Reached skill level 20 in Armour
 43066 | Spider:5 | Entered Level 5 of the Spider Nest
 43343 | Spider:5 | Lost mutation: Your magical capacity is low (-10% MP). [mutagenic meat]
 43466 | Spider:5 | Got a gossamer rune of Zot
 44282 | Vaults:1 | Entered Level 1 of the Vaults
 44598 | Vaults:1 | Reached XP level 21. HP: 197/197 MP: 32/32
 44785 | Vaults:1 | Gained mutation: You are clumsy. (Dex -2) [mutagenic meat]
 44786 | Vaults:1 | Gained mutation: You are very clumsy. (Dex -4) [mutagenic meat]
 44788 | Vaults:1 | Gained mutation: You have a somewhat thin skeletal structure (Dex +2, Stealth). [mutagenic meat]
 44789 | Vaults:1 | Gained mutation: You have a pair of small antennae on your head. [mutagenic meat]
 44790 | Vaults:1 | Gained mutation: Your flesh is heat resistant. [mutagenic meat]
 44794 | Vaults:1 | Lost mutation: You are very clumsy. (Dex -4) [mutagenic meat]
 44795 | Vaults:1 | Lost mutation: You are clumsy. (Dex -2) [mutagenic meat]
 44999 | Vaults:1 | Reached skill level 15 in Fighting
 45520 | Vaults:2 | Gained mutation: You are covered in fur (AC +1). [mutagenic meat]
 45521 | Vaults:2 | Lost mutation: Scrolls take you a little longer to read. [mutagenic meat]
 45522 | Vaults:2 | Lost mutation: You are covered in fur (AC +1). [mutagenic meat]
 45523 | Vaults:2 | Lost mutation: You possess an exceptional clarity of mind. [mutagenic meat]
 45525 | Vaults:2 | Gained mutation: You are somewhat resistant to further mutation. [mutagenic meat]
 45528 | Vaults:2 | Gained mutation: Your mind is acute. (Int +2) [mutagenic meat]
 45932 | Vaults:2 | Got a serpentine ivory ring
 45933 | Vaults:2 | Found Stox's General Store.
 45934 | Vaults:2 | Identified the ring "Piostriri" {rN+ Stlth+} (You found it on level 2 of the Vaults)
 46016 | Vaults:2 | Lost mutation: You have a pair of small antennae on your head. [mutagenic meat]
 46017 | Vaults:2 | Lost mutation: You have a somewhat thin skeletal structure (Dex +2, Stealth). [mutagenic meat]
 46018 | Vaults:2 | Gained mutation: Your system is resistant to poisons. [mutagenic meat]
 46779 | Vaults:3 | Found a staircase to the Crypt.
 46831 | Vaults:3 | Noticed Agnes
 46842 | Vaults:3 | Killed Agnes
 46903 | Vaults:3 | Gained mutation: Your muscles are strong. (Str +2) [mutagenic meat]
 46905 | Vaults:3 | Lost mutation: Your mind is acute. (Int +2) [mutagenic meat]
 47028 | Vaults:3 | Gained mutation: You are agile. (Dex +2) [mutagenic meat]
 47031 | Vaults:3 | Lost mutation: You are agile. (Dex +2) [mutagenic meat]
 47410 | Vaults:4 | Gained mutation: Scrolls take you a little longer to read. [mutagenic meat]
 47414 | Vaults:4 | Lost mutation: You can spit strong poison. [mutagenic meat]
 47617 | Vaults:4 | Noticed Jorgrun
 47621 | Vaults:4 | Killed Jorgrun
 47802 | Vaults:4 | Reached XP level 22. HP: 178/216 MP: 32/32
 47804 | Vaults:4 | Reached skill level 21 in Axes
 47984 | Vaults:4 | Found Plaa's Food Boutique.
 48163 | Vaults:4 | Lost mutation: Your muscles are strong. (Str +2) [mutagenic meat]
 49078 | Crypt:1  | Entered Level 1 of the Crypt
 49374 | Crypt:1  | Reached skill level 22 in Axes
 49958 | Crypt:2  | Got a transparent scimitar
 50160 | Crypt:3  | Entered Level 3 of the Crypt
 50181 | Crypt:3  | Reached skill level 23 in Axes
 50487 | Crypt:3  | Found a basalt altar of Yredelemnul.
 50490 | Crypt:3  | Found an ancient bone altar of Kikubaaqudgha.
 50532 | Crypt:3  | 3
 50575 | Crypt:3  | Identified the Handbook of Ashen Translocation
 50619 | Crypt:3  | Got a sapphire falchion
 50621 | Crypt:3  | Identified Ereshkigal's Papyrus of Unholy Rituals
 50743 | Crypt:3  | Reached XP level 23. HP: 223/223 MP: 33/33
 50789 | Crypt:3  | Reached skill level 24 in Axes
 50854 | Crypt:3  | Found a staircase to the Tomb.
 50900 | Crypt:3  | Noticed Boris
 50909 | Crypt:3  | Killed Boris
 51517 | Lair:1   | Identified the +10 scimitar of the Sun {antimagic, Noisy rElec rPois Dex+2} (You found it on level 2 of the Crypt)
 51518 | Lair:1   | Identified the +3 falchion "Qarghef" {freeze, rF+ MR+} (You found it on level 3 of the Crypt)
 51824 | Slime:6  | Entered Level 6 of the Pits of Slime
 52147 | Slime:6  | Found a viscous altar of Jiyva.
 52149 | Slime:6  | Noticed the royal jelly
 52154 | Slime:6  | Killed the royal jelly
 52154 | Slime:6  | Reached skill level 25 in Axes
 52927 | Slime:6  | Got a slimy rune of Zot
 52984 | Slime:6  | Got a flickering brass ring
 53032 | Slime:6  | Identified Tastroso's Grimoire of the Ashen Escort
 53110 | Slime:6  | Identified a +2 rod of destruction (11/11) (You found it on level 6 of the Pits of Slime)
 53135 | Slime:6  | Got a translucent plate armour
 53157 | Slime:6  | Identified the +2 plate armour "Yda Meiw" {MP-9 Str+2 Int+2 Dex+4} (You found it on level 6 of the Pits of Slime)
 53181 | Slime:6  | Identified the ring "Beneset" {rPois rF+ rN+ MR+ Dex-4} (You found it on level 6 of the Pits of Slime)
 53901 | Vaults:5 | Entered Level 5 of the Vaults
 53935 | Vaults:5 | Reached skill level 26 in Axes
 54045 | Vaults:5 | Reached XP level 24. HP: 232/232 MP: 33/33
 54328 | Vaults:5 | Reached skill level 27 in Axes
 54369 | Vaults:5 | Identified a +6 rod of ignition (9/9) (You found it on level 5 of the Vaults)
 54408 | Vaults:5 | Identified Thohihir's Papyrus of Glacial Blows and Bruises
 54644 | Vaults:5 | Got a silver rune of Zot
 54731 | Vaults:5 | Gained mutation: Your body is slowly deteriorating. [mutagenic meat]
 54768 | Vaults:5 | Found Uthas' Armour Shop.
 54917 | Vaults:5 | Got a glittering glass ring
 54926 | Vaults:5 | Identified the ring of Amuegrup {+Blink rPois rC+ EV+3 Slay-5 Stlth+} (You took it off a deep elf knight on level 5 of the Vaults)
 55650 | Elf:1    | Voluntarily entered the Abyss.
 55942 | Abyss:1  | Found a sacrificial altar of Ru.
 56059 | Abyss:1  | Found a deep blue altar of Sif Muna.
 56263 | Abyss:1  | Gained mutation: Your flesh is cold resistant. [mutagenic meat]
 56631 | Elf:1    | Escaped the Abyss
 56733 | Orc:4    | Bought 2 potions of curing for 96 gold pieces
 56733 | Orc:4    | Bought a potion of curing for 48 gold pieces
 56733 | Orc:4    | Bought 2 potions of haste for 320 gold pieces
 56733 | Orc:4    | Bought a potion of curing for 48 gold pieces
 56733 | Orc:4    | Bought a potion of cancellation for 128 gold pieces
 56737 | Orc:4    | Bought a potion of restore abilities for 145 gold pieces
 56737 | Orc:4    | Bought 2 potions of might for 232 gold pieces
 56737 | Orc:4    | Bought a scroll of fear for 101 gold pieces
 57001 | Elf:1    | Voluntarily entered the Abyss.
 57215 | Abyss:2  | Learned a level 6 spell: Deflect Missiles
 57221 | Abyss:2  | Learned a level 5 spell: Silence
 57404 | Abyss:2  | Learned a level 2 spell: Blink
 57529 | Abyss:2  | Reached XP level 25. HP: 239/239 MP: 34/34
 58172 | Abyss:3  | Paralysed by accursed screaming for 1 turns
 58231 | Abyss:3  | Found a corrupted altar of Lugonu.
 58340 | Abyss:3  | Found a corrupted altar of Lugonu.
 58347 | Abyss:3  | Found a sacrificial altar of Ru.
 59417 | Abyss:3  | Found a corrupted altar of Lugonu.
 59523 | Abyss:3  | GIEF ME RUUUUUUUUUUUUNE
 60020 | Abyss:3  | Got an abyssal rune of Zot
 60022 | Abyss:3  | Reached XP level 26. HP: 247/247 MP: 34/34
 60136 | Abyss:3  | Noticed an ancient lich
 60145 | Abyss:3  | Killed an ancient lich
 60336 | Elf:1    | Escaped the Abyss
 60647 | D:14     | You showed the abyssal rune of Zot to enter a treasure trove
 60648 | Trove    | Entered a treasure trove
 60686 | Trove    | Identified Sif Muna's Handbook of the Escort
 60692 | Trove    | Identified the Tome of the Cankerous Voyage
 60706 | Trove    | Identified Shekuown's Disquisition on Toxins and Conjuration
 60709 | Trove    | Identified Blias' Volume of Lucky Execration
 60896 | Lair:1   | Learned a level 8 spell: Necromutation
 60901 | Lair:1   | Learned a level 4 spell: Control Undead
 60909 | Lair:1   | Lost mutation: You can breathe flames. [potion of cure mutation]
 60909 | Lair:1   | Lost mutation: Scrolls take you a little longer to read. [potion of cure mutation]
 60909 | Lair:1   | Lost mutation: Your system is resistant to poisons. [potion of cure mutation]
 60910 | Lair:1   | Lost mutation: Your body is slowly deteriorating. [potion of cure mutation]
 60910 | Lair:1   | Lost mutation: Your flesh is cold resistant. [potion of cure mutation]
 60910 | Lair:1   | Lost mutation: You are surrounded by a mild repulsion field (EV +2). [potion of cure mutation]
 61564 | Tomb:1   | Entered Level 1 of the Tomb of the Ancients
 61666 | Tomb:1   | Noticed Boris
 61681 | Tomb:1   | Killed Boris
 61794 | Tomb:1   | Reached skill level 15 in Invocations
 62202 | Tomb:1   | Identified Alyicy's Last Handbook of the Prophet
 62504 | Tomb:1   | Reached skill level 15 in Evocations
 63677 | Elf:1    | Voluntarily entered the Abyss.
 63707 | Abyss:1  | Paralysed by accursed screaming for 1 turns
 63944 | Abyss:1  | Reached XP level 27. HP: 250/250 MP: 39/39
 64126 | Abyss:1  | Gained mutation: You expend magic power (3 MP) to slightly strengthen your wands. [mutagenic meat]
 64200 | Abyss:1  | Reached skill level 1 in Necromancy
 64382 | Abyss:1  | Reached skill level 5 in Necromancy
 64768 | Abyss:1  | Reached skill level 10 in Necromancy
 65578 | Abyss:1  | Found an iron altar of Okawaru.
 66162 | Abyss:1  | Lost mutation: You expend magic power (3 MP) to slightly strengthen your wands. [mutagenic meat]
 67038 | Abyss:1  | Reached skill level 10 in Spellcasting
 67220 | Abyss:1  | Found a corrupted altar of Lugonu.
 67607 | Abyss:1  | Gained mutation: You have sharp toenails. [mutagenic meat]
 68954 | Abyss:1  | Gained mutation: Your flesh is cold resistant. [potion of mutation]
 68954 | Abyss:1  | Gained mutation: You are robust (+10% HP). [potion of mutation]
 69004 | Abyss:1  | Found a corrupted altar of Lugonu.
 69350 | Elf:1    | Escaped the Abyss
 69669 | Elf:1    | Voluntarily entered the Abyss.
 70452 | Abyss:1  | Lost intelligence.
 70486 | Abyss:1  | Gained mutation: You tend to lose your temper in combat. [mutagenic meat]
 70949 | Abyss:1  | Found a roughly hewn altar of Beogh.
 70968 | Abyss:1  | Found a deep blue altar of Sif Muna.
 71081 | Abyss:1  | Identified the Almanac of Summoning
 71082 | Abyss:1  | Found a deep blue altar of Sif Muna.
 71083 | Abyss:1  | Got a bound graven amulet
 71087 | Abyss:1  | Identified the Almanac of Creation
 71190 | Abyss:1  | Identified the amulet of Coronation {Ward rN+ Str+5} (You found it on level 1 of the Abyss)
 71218 | Elf:1    | Escaped the Abyss
 71505 | Elf:1    | Voluntarily entered the Abyss.
 71567 | Abyss:1  | Gained mutation: Your muscles are strong. (Str +2) [mutagenic meat]
 71568 | Abyss:1  | Gained mutation: You can breathe flames. [mutagenic meat]
 71654 | Abyss:1  | Reached skill level 15 in Spellcasting
 71677 | Abyss:1  | Got a twisted chain mail
 71689 | Abyss:1  | Identified the cursed -2 chain mail of the Hunter {rElec rF+ rCorr MP+9 Int-3} (You found it on level 1 of the Abyss)
 71989 | Abyss:2  | Reached skill level 15 in Necromancy
 72055 | Abyss:2  | Lost mutation: You are somewhat resistant to further mutation. [mutagenic meat]
 72056 | Abyss:2  | Gained mutation: You possess an exceptional clarity of mind. [mutagenic meat]
 72057 | Abyss:2  | Lost mutation: Your flesh is cold resistant. [mutagenic meat]
 72058 | Abyss:2  | Gained mutation: You have sharp fingernails. [mutagenic meat]
 72059 | Abyss:2  | Gained mutation: You can translocate small distances at will. [mutagenic meat]
 72089 | Abyss:3  | Found a corrupted altar of Lugonu.
 72155 | Abyss:3  | Found a corrupted altar of Lugonu.
 72222 | Abyss:3  | Found a corrupted altar of Lugonu.
 72361 | Abyss:3  | Gained mutation: Scrolls take you a little longer to read. [a neqoxec]
 72362 | Abyss:3  | Lost mutation: You are robust (+10% HP). [a neqoxec]
 72524 | Abyss:3  | Found a corrupted altar of Lugonu.
 72631 | Abyss:3  | Got a smoking arbalest
 73313 | Abyss:3  | Found a shimmering altar of Xom.
 73314 | Abyss:3  | Found a shimmering altar of Xom.
 73314 | Abyss:3  | Found a corrupted altar of Lugonu.
 73315 | Abyss:3  | Found a shimmering altar of Xom.
 73315 | Abyss:3  | Found a shimmering altar of Xom.
 73315 | Abyss:3  | Found a shimmering altar of Xom.
 73315 | Abyss:3  | Found a shimmering altar of Xom.
 73316 | Abyss:3  | Found a shimmering altar of Xom.
 73316 | Abyss:3  | Found a shimmering altar of Xom.
 73316 | Abyss:3  | Found a shimmering altar of Xom.
 73316 | Abyss:3  | Found a shimmering altar of Xom.
 73342 | Abyss:3  | Found a sacrificial altar of Ru.
 73438 | Abyss:3  | Found a corrupted altar of Lugonu.
 73516 | Abyss:3  | Found a shadowy altar of Dithmenos.
 73528 | Abyss:3  | Noticed an ancient lich
 73533 | Abyss:3  | Killed an ancient lich
 73721 | Abyss:3  | Paralysed by you for 3 turns
 73880 | Abyss:3  | Lost mutation: Scrolls take you a little longer to read. [mutagenic meat]
 73881 | Abyss:3  | Gained mutation: You occasionally shout uncontrollably at your foes. [mutagenic meat]
 74401 | Abyss:3  | Found a corrupted altar of Lugonu.
 74450 | Abyss:3  | Reached skill level 1 in Transmutations
 74814 | Abyss:4  | Found a corrupted altar of Lugonu.
 74830 | Elf:1    | Escaped the Abyss
 74958 | Lair:1   | Identified the +10 arbalest of Diviv {flame, Str+5} (You found it on level 3 of the Abyss)
 75096 | Elf:1    | Voluntarily entered the Abyss.
 75134 | Abyss:1  | Reached skill level 5 in Transmutations
 75279 | Abyss:1  | Found a shadowy altar of Dithmenos.
 75379 | Abyss:1  | Noticed an ancient lich
 75389 | Abyss:1  | Killed an ancient lich
 75438 | Abyss:1  | Got an ichor-stained rapier
 75439 | Abyss:1  | Identified the +8 rapier "Acitiuhupt" {pierce, rElec MP+9} (You found it on level 1 of the Abyss)
 75668 | Abyss:1  | Got a transparent long sword
 75689 | Abyss:1  | Identified the +5 long sword of Crusades {freeze, MR+ SInv} (You found it on level 1 of the Abyss)
 75711 | Abyss:1  | Reached skill level 10 in Transmutations
 75769 | Abyss:1  | Lost mutation: You occasionally shout uncontrollably at your foes. [mutagenic meat]
 75770 | Abyss:1  | Lost mutation: You can spit moderately strong poison. [mutagenic meat]
 75772 | Abyss:1  | Gained mutation: You are good at translocating small distances at will. [mutagenic meat]
 75775 | Abyss:1  | Gained mutation: You are dopey. (Int -2) [mutagenic meat]
 75776 | Abyss:1  | Lost mutation: You are dopey. (Int -2) [mutagenic meat]
 75879 | Abyss:1  | Got a translucent granite ring
 75882 | Abyss:1  | Gained mutation: You are resistant to electric shocks. [mutagenic meat]
 75883 | Abyss:1  | Gained mutation: Your muscles are very strong. (Str +4) [mutagenic meat]
 75884 | Abyss:1  | mutroulette OP
 75884 | Abyss:1  | Gained mutation: Your magical capacity is low (-10% MP). [mutagenic meat]
 75885 | Abyss:1  | Lost mutation: You can breathe flames. [mutagenic meat]
 75887 | Abyss:1  | Lost mutation: You possess an exceptional clarity of mind. [mutagenic meat]
 75888 | Abyss:1  | Gained mutation: You expend magic power (3 MP) to slightly strengthen your wands. [mutagenic meat]
 75889 | Abyss:1  | Lost mutation: Your muscles are very strong. (Str +4) [mutagenic meat]
 75890 | Abyss:1  | Gained mutation: You have a pair of small horns on your head. [mutagenic meat]
 75895 | Abyss:1  | Lost mutation: You expend magic power (3 MP) to slightly strengthen your wands. [mutagenic meat]
 75896 | Abyss:1  | Lost mutation: You have sharp toenails. [mutagenic meat]
 75897 | Abyss:1  | Gained mutation: You occasionally shout uncontrollably at your foes. [mutagenic meat]
 75900 | Abyss:1  | Identified the ring of Limitation {Wiz rN+ Str+9 Dex-2} (You found it on level 1 of the Abyss)
 76054 | Abyss:1  | Found a corrupted altar of Lugonu.
 76134 | Abyss:1  | Paralysed by accursed screaming for 1 turns
 76201 | Abyss:1  | Paralysed by you for 5 turns
 76476 | Elf:1    | Escaped the Abyss
 76733 | Elf:1    | Voluntarily entered the Abyss.
 76864 | Abyss:1  | Found a corrupted altar of Lugonu.
 76868 | Elf:1    | Escaped the Abyss
 77106 | Lair:1   | Learned a level 5 spell: Dispel Undead
 77113 | Lair:1   | Learned a level 6 spell: Haste
 79835 | Lair:1   | Upgraded the game from 0.16.0-6-gad6103a to 0.16.0-8-gd9ae3a8
 79976 | Elf:1    | Voluntarily entered the Abyss.
 79985 | Abyss:1  | Gained mutation: You are clumsy. (Dex -2) [mutagenic meat]
 79986 | Abyss:1  | Gained mutation: Your magical capacity is very low (-20% MP). [mutagenic meat]
 79988 | Abyss:1  | Lost mutation: You are clumsy. (Dex -2) [mutagenic meat]
 80266 | Abyss:2  | Found a corrupted altar of Lugonu.
 80722 | Abyss:4  | Reached skill level 15 in Transmutations
 81219 | Abyss:5  | Entered Level 5 of the Abyss
 81373 | Abyss:5  | Found a corrupted altar of Lugonu.
 81391 | Abyss:5  | Paralysed by you for 6 turns
 81431 | Abyss:5  | Paralysed by accursed screaming for 1 turns
 81434 | Abyss:5  | Paralysed by accursed screaming for 1 turns
 81442 | Abyss:5  | Paralysed by accursed screaming for 2 turns
 81649 | Abyss:5  | Found a corrupted altar of Lugonu.
 81722 | Abyss:5  | Found a corrupted altar of Lugonu.
 82068 | Abyss:5  | Paralysed by accursed screaming for 1 turns
 82126 | Abyss:5  | Lost mutation: Your muscles are strong. (Str +2) [mutagenic meat]
 82128 | Abyss:5  | Gained mutation: You often lose your temper in combat. [mutagenic meat]
 82439 | Elf:1    | Escaped the Abyss
 82445 | Elf:1    | Lost mutation: You are resistant to electric shocks. [potion of cure mutation]
 82445 | Elf:1    | Lost mutation: You are good at translocating small distances at will. [potion of cure mutation]
 82445 | Elf:1    | Lost mutation: Your flesh is heat resistant. [potion of cure mutation]
 82445 | Elf:1    | Lost mutation: You can spit poison. [potion of cure mutation]
 82573 | Lair:1   | Lost mutation: You can translocate small distances at will. [potion of cure mutation]
 82573 | Lair:1   | Lost mutation: You occasionally shout uncontrollably at your foes. [potion of cure mutation]
 82573 | Lair:1   | Lost mutation: Your magical capacity is very low (-20% MP). [potion of cure mutation]
 82573 | Lair:1   | Lost mutation: You have a pair of small horns on your head. [potion of cure mutation]
 82574 | Lair:1   | Lost mutation: You often lose your temper in combat. [potion of cure mutation]
 82574 | Lair:1   | Lost mutation: You tend to lose your temper in combat. [potion of cure mutation]
 82574 | Lair:1   | Lost mutation: You have sharp fingernails. [potion of cure mutation]
 82574 | Lair:1   | Lost mutation: Your magical capacity is low (-10% MP). [potion of cure mutation]
 82726 | Elf:1    | Voluntarily entered the Abyss.
 82727 | Abyss:1  | Found a corrupted altar of Lugonu.
 82786 | Abyss:2  | Found a corrupted altar of Lugonu.
 83791 | Abyss:3  | Noticed an ancient lich
 83799 | Abyss:3  | Killed an ancient lich
 84118 | Abyss:3  | Found a corrupted altar of Lugonu.
 84691 | Abyss:4  | Paralysed by accursed screaming for 1 turns
 85201 | Abyss:4  | Paralysed by accursed screaming for 1 turns
 85286 | Abyss:4  | Paralysed by accursed screaming for 1 turns
 85671 | Abyss:4  | Paralysed by a giant eyeball for 2 turns
 85843 | Abyss:4  | Paralysed by accursed screaming for 2 turns
 85852 | Abyss:4  | Paralysed by accursed screaming for 2 turns
 85896 | Abyss:4  | Gained mutation: Armour fits poorly on your strangely shaped body. [a neqoxec]
 85991 | Abyss:4  | Paralysed by you for 4 turns
 86020 | Abyss:4  | Gained mutation: You evolve. [mutagenic meat]
 86021 | Abyss:4  | Gained mutation: You are robust (+10% HP). [mutagenic meat]
 86164 | Abyss:4  | Gained mutation: Space occasionally distorts in your vicinity. [mutagenic meat]
 86165 | Abyss:4  | Gained mutation: Your spells are a little easier to cast, but a little less powerful. [mutagenic meat]
 86166 | Abyss:4  | Gained mutation: Scrolls take you a little longer to read. [mutagenic meat]
 86188 | Abyss:4  | Gained mutation: You are weak. (Str -2) [mutagenic meat]
 86189 | Abyss:4  | Lost mutation: Armour fits poorly on your strangely shaped body. [mutagenic meat]
 86756 | Abyss:4  | Paralysed by accursed screaming for 1 turns
 86799 | Abyss:4  | Gained mutation: You can spit poison. [mutagenic meat]
 86903 | Abyss:4  | Found a corrupted altar of Lugonu.
 88094 | Abyss:4  | Got a dazzling blowgun
 88096 | Abyss:4  | Lost mutation: Scrolls take you a little longer to read. [mutagenic meat]
 88097 | Abyss:4  | Lost mutation: You evolve. [mutagenic meat]
 88100 | Abyss:4  | Lost mutation: You are robust (+10% HP). [mutagenic meat]
 88276 | Abyss:4  | Gained mutation: You are frail (-10% HP). [mutagenic meat]
 88589 | Elf:1    | Escaped the Abyss
 88611 | Elf:1    | Lost mutation: Your spells are a little easier to cast, but a little less powerful. [mutagenic meat]
 88612 | Elf:1    | Gained mutation: Your magical capacity is low (-10% MP). [mutagenic meat]
 88613 | Elf:1    | Gained mutation: Your body is slowly deteriorating. [mutagenic meat]
 88614 | Elf:1    | Gained mutation: Your magical capacity is very low (-20% MP). [mutagenic meat]
 88617 | Elf:1    | Gained mutation: Your body is deteriorating. [mutagenic meat]
 88628 | Elf:1    | Gained mutation: You are agile. (Dex +2) [mutagenic meat]
 88629 | Elf:1    | Gained mutation: Your body is rapidly deteriorating. [mutagenic meat]
 88631 | Elf:1    | Gained mutation: Armour fits poorly on your strangely shaped body. [mutagenic meat]
 88632 | Elf:1    | Lost mutation: Your magical capacity is very low (-20% MP). [mutagenic meat]
 88633 | Elf:1    | Gained mutation: You are very frail (-20% HP). [mutagenic meat]
 88635 | Elf:1    | Gained mutation: You expend magic power (3 MP) to slightly strengthen your wands. [mutagenic meat]
 88765 | Lair:1   | Lost mutation: Your magical capacity is low (-10% MP). [potion of cure mutation]
 88765 | Lair:1   | Lost mutation: You are agile. (Dex +2) [potion of cure mutation]
 88765 | Lair:1   | Lost mutation: Space occasionally distorts in your vicinity. [potion of cure mutation]
 88765 | Lair:1   | Lost mutation: You can spit poison. [potion of cure mutation]
 88765 | Lair:1   | Lost mutation: You expend magic power (3 MP) to slightly strengthen your wands. [potion of cure mutation]
 88765 | Lair:1   | Lost mutation: Armour fits poorly on your strangely shaped body. [potion of cure mutation]
 88766 | Lair:1   | Lost mutation: Your body is rapidly deteriorating. [potion of cure mutation]
 88766 | Lair:1   | Lost mutation: Your body is deteriorating. [potion of cure mutation]
 88766 | Lair:1   | Lost mutation: You are very frail (-20% HP). [potion of cure mutation]
 88766 | Lair:1   | Lost mutation: You are frail (-10% HP). [potion of cure mutation]
 88767 | Lair:1   | Lost mutation: You are weak. (Str -2) [potion of cure mutation]
 88767 | Lair:1   | Lost mutation: Your body is slowly deteriorating. [potion of cure mutation]
 88790 | Lair:1   | Identified the +9 blowgun of Disharmony {speed, -Cast rElec rC+} (You found it on level 4 of the Abyss)
 89577 | Tomb:3   | Entered Level 3 of the Tomb of the Ancients
 89756 | Tomb:3   | Noticed an ancient lich
 89764 | Tomb:3   | Killed an ancient lich
 89911 | Tomb:3   | Noticed an ancient lich
 89918 | Tomb:3   | Killed an ancient lich
 89965 | Tomb:3   | Got a golden rune of Zot
 90122 | Tomb:3   | Got a glittering silver ring
 90254 | Tomb:3   | Got a slimy crystal amulet
 90268 | Tomb:3   | Identified the Catalogue of Combat Magic
 90321 | Tomb:3   | Identified the ring "Throsekk" {rElec MR+ MP+9} (You found it on level 3 of the Tomb of the Ancients)
 90322 | Tomb:3   | Identified the amulet "Colakkus" {rMut rF+} (You found it on level 3 of the Tomb of the Ancients)
 90343 | Tomb:3   | Got a transparent silver ring
 90347 | Tomb:3   | Identified the Catalogue of Self-Improvement
 90389 | Tomb:3   | Got a vibrating bronze ring
 90392 | Tomb:3   | Identified the ring "Gennooj" {Wiz +Blink rElec rN+ Str+6 Slay-4} (You found it on level 3 of the Tomb of the Ancients)
 91219 | Lair:1   | Identified the ring "Thifesiu" {SustAb rPois MR- Str-4 Dex+3 SInv} (You found it on level 3 of the Tomb of the Ancients)
 91407 | Depths:1 | Entered Level 1 of the Depths
 91540 | Depths:1 | Found a gateway to Hell.
 91771 | Depths:1 | Got a warped ruby amulet
 91779 | Depths:1 | Identified the amulet "Haomyam" {Ward rN+ Int+7} (You found it on level 1 of the Depths)
 92402 | Depths:2 | Gained mutation: You have a pair of small horns on your head. [potion of mutation]
 92404 | Depths:2 | Gained mutation: You are somewhat resistant to further mutation. [mutagenic meat]
 92405 | Depths:2 | Gained mutation: Your mind is acute. (Int +2) [mutagenic meat]
 92406 | Depths:2 | Gained mutation: You occasionally shout uncontrollably at your foes. [mutagenic meat]
 92407 | Depths:2 | Gained mutation: You can breathe flames. [mutagenic meat]
 92412 | Depths:2 | Gained mutation: You are partially covered in icy blue scales (AC +1). [mutagenic meat]
 92414 | Depths:2 | Lost mutation: You occasionally shout uncontrollably at your foes. [mutagenic meat]
 92453 | Depths:2 | Gained mutation: You are somewhat resistant to both further mutation and mutation removal. [mutagenic meat]
 92475 | Depths:2 | Noticed Wiglaf
 92483 | Depths:2 | Killed Wiglaf
 92653 | Depths:2 | Gained mutation: You are partially covered in rugged brown scales (AC +1, +3% HP). [mutagenic meat]
 93130 | Depths:2 | Found a gateway to a ziggurat.
 93644 | Depths:3 | Gained mutation: You are resistant to hostile enchantments. [mutagenic meat]
 93648 | Depths:3 | Lost mutation: You are somewhat resistant to both further mutation and mutation removal. [mutagenic meat]
 93651 | Depths:3 | Lost mutation: You are partially covered in icy blue scales (AC +1). [mutagenic meat]
 93910 | Depths:3 | Found a one-way gate leading to the halls of Pandemonium.
 94382 | Depths:4 | Gained mutation: You are partially covered in rough black scales (AC +4, Dex -1). [mutagenic meat]
 94714 | Depths:4 | Found The Legendary Oreekh's Legendary Smithy.
 94742 | Depths:4 | Found Umemoil's Slaves and Accessories.
 94795 | Depths:4 | Found Jack's Jerk-a-riffic Jerky.
 94833 | Depths:4 | Found Ymauxaru's Miraculous Elixirs.
 94856 | Depths:4 | AHAHAAHAHA
 94856 | Depths:4 | SO TROLLISH
 95055 | Depths:4 | Found a bloodstained altar of Trog.
 95253 | Depths:4 | Found an ancient bone altar of Kikubaaqudgha.
 95736 | Depths:4 | Bought 2 potions of mutation for 250 gold pieces
 95736 | Depths:4 | Bought a potion of mutation for 125 gold pieces
 95736 | Depths:4 | Bought 2 potions of mutation for 250 gold pieces
 95736 | Depths:4 | Bought a potion of mutation for 125 gold pieces
 95736 | Depths:4 | Bought a potion of mutation for 125 gold pieces
 95736 | Depths:4 | Bought a potion of mutation for 125 gold pieces
 95736 | Depths:4 | Bought a potion of mutation for 125 gold pieces
 95736 | Depths:4 | Bought a potion of mutation for 125 gold pieces
 95736 | Depths:4 | Bought a potion of mutation for 125 gold pieces
 95736 | Depths:4 | Bought a potion of mutation for 125 gold pieces
 96307 | Depths:5 | Entered Level 5 of the Depths
 96383 | Depths:5 | Noticed the Enchantress
 96395 | Depths:5 | Killed the Enchantress
 96402 | Depths:5 | Got a faerie dragon armour
 96421 | Depths:5 | Identified the +4 faerie dragon armour {+Inv Int+5 Dex-2} (You took it off the Enchantress on level 5 of the Depths)
 96723 | Depths:5 | Gained mutation: You are weak. (Str -2) [mutagenic meat]
 96728 | Depths:5 | Gained mutation: You are somewhat resistant to both further mutation and mutation removal. [mutagenic meat]
 96752 | Depths:5 | Noticed Sojobo
 96759 | Depths:5 | Killed Sojobo
 96762 | Depths:5 | Found a gate to the Realm of Zot.
 97142 | Zot:1    | Entered Level 1 of the Realm of Zot
 97150 | Zot:1    | Noticed an orb of fire
 97159 | Zot:1    | Killed an orb of fire
 97903 | Zot:2    | Reached skill level 27 in Armour
 98896 | Zot:3    | Learned a level 2 spell: Stoneskin
 99029 | Zot:4    | Found a glowing silver altar of Zin.
 99052 | Zot:4    | Found a snail-covered altar of Cheibriados.
 99067 | Zot:4    | Found a stormy altar of Qazlal.
100988 | Zig:1    | Entered Level 1 of a ziggurat
101000 | Zig:2    | Entered Level 2 of a ziggurat
101027 | Zig:3    | Entered Level 3 of a ziggurat
101054 | Zig:4    | Entered Level 4 of a ziggurat
101078 | Zig:5    | Entered Level 5 of a ziggurat
101111 | Zig:5    | Got a heavily runed marble ring
101115 | Zig:5    | Identified the cursed ring "Sifaem" {+Fly rElec rF+ AC-2} (You found it on level 5 of a ziggurat)
101120 | Zig:6    | Entered Level 6 of a ziggurat
101161 | Zig:7    | Entered Level 7 of a ziggurat
101198 | Zig:7    | Got a smoking silver ring
101206 | Zig:7    | Identified the ring of Cowardice {rN+ MR+ Str+3} (You found it on level 7 of a ziggurat)
101213 | Zig:8    | Entered Level 8 of a ziggurat
101259 | Zig:9    | Entered Level 9 of a ziggurat
101270 | Zig:9    | Paralysed by accursed screaming for 1 turns
101272 | Zig:9    | Reached skill level 27 in Fighting
101273 | Zig:9    | Reached skill level 1 in Charms
101300 | Zig:9    | Identified the Tome of the Assistive Birds
101308 | Zig:9    | Identified the Catalogue of Unholy Secrets and Earth
101424 | Zig:10   | Entered Level 10 of a ziggurat
101449 | Zig:10   | Reached skill level 5 in Charms
101469 | Zig:10   | Got an ancient buckler
101478 | Zig:10   | Identified the Almanac of Dusty Moulding
101496 | Zig:10   | Identified the +7 buckler of Servitude {Str+6 Int-5} (You found it on level 10 of a ziggurat)
101515 | Zig:11   | Entered Level 11 of a ziggurat
101601 | Zig:12   | Entered Level 12 of a ziggurat
101684 | Zig:13   | Entered Level 13 of a ziggurat
101723 | Zig:13   | Reached skill level 10 in Charms
101826 | Zig:14   | Entered Level 14 of a ziggurat
101846 | Zig:14   | Paralysed by accursed screaming for 2 turns
101858 | Zig:14   | Paralysed by accursed screaming for 2 turns
101989 | Zig:14   | Identified a +6 rod of inaccuracy (14/14) (You found it on level 14 of a ziggurat)
101990 | Zig:14   | Identified a +4 rod of destruction (9/9) (You found it on level 13 of a ziggurat)
102008 | Zig:15   | Entered Level 15 of a ziggurat
102180 | Zig:16   | Entered Level 16 of a ziggurat
102243 | Zig:16   | Identified the Grimoire of Attacks
102263 | Zig:16   | Got a bound granite ring
102316 | Zig:16   | Identified the ring "Psufuz" {rPois rC+} (You found it on level 16 of a ziggurat)
102324 | Zig:17   | Entered Level 17 of a ziggurat
102340 | Zig:17   | Reached skill level 1 in Hexes
102373 | Zig:17   | Reached skill level 5 in Hexes
102428 | Zig:17   | Identified the Grimoire of Gliding Blows and Bruises (You found it on level 17 of a ziggurat)
102455 | Zig:17   | Learned a level 2 spell: Ensorcelled Hibernation
102470 | Zig:17   | Learned a level 4 spell: Condensation Shield
102483 | Zig:17   | Got a brightly glowing wooden ring
102484 | Zig:17   | Identified the ring "Mnud" {Ice Slay+6 Stlth-} (You found it on level 17 of a ziggurat)
102493 | Zig:17   | Identified the Tome of Toxins and Transformation (You found it on level 17 of a ziggurat)
102515 | Zig:18   | Entered Level 18 of a ziggurat
102625 | Zig:18   | Reached skill level 10 in Hexes
102647 | Zig:18   | Identified the Compendium of Fiery Unholy Rituals (You found it on level 18 of a ziggurat)
102679 | Zig:19   | Entered Level 19 of a ziggurat
102864 | Zig:20   | Entered Level 20 of a ziggurat
102981 | Zig:20   | Got a pitted jade ring
102982 | Zig:20   | Identified the ring of the Cast Vote {rN++ EV+2 Int-2} (You found it on level 20 of a ziggurat)
103020 | Zig:20   | Identified Tolathral's Papyrus of Blistering Summoning (You found it on level 20 of a ziggurat)
103058 | Zig:21   | Entered Level 21 of a ziggurat
103210 | Zig:21   | Identified a +5 rod of the swarm (10/10) (You found it on level 21 of a ziggurat)
103240 | Zig:21   | Got a scorched plate armour
103241 | Zig:21   | Identified the cursed -5 plate armour "Mneob" {rPois rC- Int+7} (You found it on level 21 of a ziggurat)
103308 | Zig:22   | Entered Level 22 of a ziggurat
103340 | Zig:22   | Noticed an ancient lich
103342 | Zig:22   | Reached skill level 15 in Hexes
103350 | Zig:22   | Noticed an ancient lich
103358 | Zig:22   | Noticed an ancient lich
103360 | Zig:22   | Killed an ancient lich
103367 | Zig:22   | Killed an ancient lich
103371 | Zig:22   | Killed an ancient lich
103450 | Zig:22   | Got a clouded golden ring
103451 | Zig:22   | Identified the ring "Queseab" {+Blink MR+ EV+3 Int-3 Dex+2} (You found it on level 22 of a ziggurat)
103455 | Zig:22   | Identified the Tome of Harmful Execration (You found it on level 22 of a ziggurat)
103502 | Zig:23   | Entered Level 23 of a ziggurat
103526 | Zig:23   | Noticed an orb of fire
103529 | Zig:23   | Noticed an orb of fire
103531 | Zig:23   | Noticed an orb of fire
103537 | Zig:23   | Noticed an orb of fire
103537 | Zig:23   | Noticed an orb of fire
103547 | Zig:23   | Noticed an orb of fire
103547 | Zig:23   | Killed an orb of fire
103553 | Zig:23   | Killed an orb of fire
103554 | Zig:23   | Killed an orb of fire
103554 | Zig:23   | Reached skill level 27 in Transmutations
103566 | Zig:23   | Killed an orb of fire
103576 | Zig:23   | Killed an orb of fire
103576 | Zig:23   | Killed an orb of fire
103621 | Zig:23   | Identified Iskenderun's Handbook of Blistering Conjuration
103646 | Zig:23   | Identified Lerootok's Disquisition on Execration
103700 | Zig:24   | Entered Level 24 of a ziggurat
103722 | Zig:24   | Noticed Orphyelidgh the pandemonium lord
103730 | Zig:24   | Noticed Adasaes the pandemonium lord
103730 | Zig:24   | Noticed Umuciawk the pandemonium lord
103734 | Zig:24   | Noticed Wiukum the pandemonium lord
103735 | Zig:24   | Noticed Xazut the pandemonium lord
103737 | Zig:24   | Noticed Xaymoare the pandemonium lord
103741 | Zig:24   | Noticed Udeotwam the pandemonium lord
103743 | Zig:24   | Noticed Reasezid the pandemonium lord
103746 | Zig:24   | Noticed Plyuckiu the pandemonium lord
103747 | Zig:24   | Noticed Crosohar the pandemonium lord
103747 | Zig:24   | Killed Adasaes the pandemonium lord
103754 | Zig:24   | Noticed Bopomelu the pandemonium lord
103754 | Zig:24   | Killed Wiukum the pandemonium lord
103754 | Zig:24   | Killed Umuciawk the pandemonium lord
103756 | Zig:24   | Killed Orphyelidgh the pandemonium lord
103760 | Zig:24   | Killed Xaymoare the pandemonium lord
103761 | Zig:24   | Killed Xazut the pandemonium lord
103761 | Zig:24   | Killed Reasezid the pandemonium lord
103764 | Zig:24   | Killed Udeotwam the pandemonium lord
103769 | Zig:24   | Killed Crosohar the pandemonium lord
103769 | Zig:24   | Killed Plyuckiu the pandemonium lord
103785 | Zig:24   | Killed Bopomelu the pandemonium lord
103812 | Zig:24   | Identified Weoti's Compendium of Lightness
103882 | Zig:24   | Got a steaming pewter ring
103885 | Zig:24   | Identified the ring "Focu Ghu" {rElec rF++ Str-4 Int-5 Stlth+} (You found it on level 24 of a ziggurat)
103918 | Zig:25   | Entered Level 25 of a ziggurat
104044 | Zig:25   | Got a pair of faintly glowing boots
104050 | Zig:25   | Identified the +0 pair of boots "Saweajaa" {Regen+ Str+4 Int-2} (You found it on level 25 of a ziggurat)
104136 | Zig:25   | Got a warped golden ring
104137 | Zig:25   | Identified the ring "Twymmeha" {+/*Tele +Fly rN+ MR+ Str-3} (You found it on level 25 of a ziggurat)
104167 | Zig:26   | Entered Level 26 of a ziggurat
104363 | Zig:26   | Got a glittering copper ring
104364 | Zig:26   | Identified the ring of Osmuucku {rElec rPois rN+} (You found it on level 26 of a ziggurat)
104398 | Zig:26   | Learned a level 6 spell: Statue Form
104405 | Zig:26   | Identified a +3 rod of clouds (9/9) (You found it on level 26 of a ziggurat)
104438 | Zig:27   | Entered Level 27 of a ziggurat
104599 | Zig:27   | Mandevil: Good job.
104599 | Zig:27   | Thanks!
104605 | Zig:27   | Will do a second one, see if it puts me on leaderboard
104607 | Zig:27   | Got a vibrating diamond amulet
104649 | Zig:27   | Identified the amulet "Otaev" {Faith +Inv} (You found it on level 27 of a ziggurat)
104652 | Zig:27   | Got a flickering ivory ring
104653 | Zig:27   | Identified the ring of Skam {rElec EV+5 Str+7} (You found it on level 27 of a ziggurat)
104657 | Zig:27   | Mandevil: Going back to my game.
104657 | Zig:27   | Sure
104673 | Zig:27   | Identified a +4 rod of the swarm (12/12) (You found it on level 27 of a ziggurat)
104714 | Zig:27   | Identified the Handbook of the Rocks (You found it on level 27 of a ziggurat)
104979 | Lair:1   | Gained mutation: You are clumsy. (Dex -2) [potion of mutation]
104982 | Lair:1   | Lost mutation: You are partially covered in rugged brown scales (AC +1, +3% HP). [potion of mutation]
104985 | Lair:1   | Gained mutation: Your flesh is cold resistant. [potion of mutation]
105147 | Hell     | Entered the Vestibule of Hell
105147 | Hell     | Noticed Geryon
105170 | Hell     | Killed Geryon
105259 | Hell     | Found a gateway to the decaying netherworld of Tartarus.
105346 | Hell     | Found a gateway to the ashen valley of Gehenna.
105445 | Hell     | Found a gateway to the Iron City of Dis.
105561 | Hell     | Found a gateway to the freezing wastes of Cocytus.
105632 | Coc:1    | Entered Level 1 of Cocytus
105821 | Coc:4    | Reached skill level 27 in Dodging
106148 | Coc:5    | Reached skill level 1 in Air Magic
106300 | Coc:7    | Entered Level 7 of Cocytus
106307 | Coc:7    | Reached skill level 5 in Air Magic
106724 | Coc:7    | Noticed Antaeus
106751 | Coc:7    | Killed Antaeus
106775 | Coc:7    | Got an icy rune of Zot
106832 | Coc:7    | Reached skill level 10 in Air Magic
106890 | Tar:1    | Entered Level 1 of Tartarus
107759 | Tar:4    | You fall through a shaft!
107784 | Tar:7    | Entered Level 7 of Tartarus
107988 | Tar:7    | Noticed Ereshkigal
108039 | Tar:7    | Killed Ereshkigal
108063 | Tar:7    | Got a bone rune of Zot
108160 | Tar:7    | Noticed an ancient lich
108173 | Tar:7    | Killed an ancient lich
108245 | Tar:7    | Noticed an ancient lich
108257 | Tar:7    | Killed an ancient lich
108484 | Tar:7    | Identified Uxkur's Almanac of Frigorific Malediction
108732 | Geh:1    | Entered Level 1 of Gehenna
109184 | Geh:3    | Paralysed by a Zot trap for 5 turns
109467 | Geh:6    | Reached skill level 15 in Air Magic
109593 | Geh:7    | Entered Level 7 of Gehenna
109933 | Geh:7    | Noticed the Serpent of Hell
109963 | Geh:7    | Killed the Serpent of Hell
110255 | Geh:7    | Got a brightly glowing zirconium amulet
110266 | Geh:7    | Got a smoking great sword
110534 | Geh:7    | Noticed Asmodeus
110536 | Geh:7    | Identified the amulet "Pravue Brim" {rCorr Int+3} (You found it on level 7 of Gehenna)
110566 | Geh:7    | Killed Asmodeus
110612 | Geh:7    | Got an obsidian rune of Zot
110825 | Dis:1    | Entered Level 1 of the Iron City of Dis
111044 | Dis:2    | You fall through a shaft!
111111 | Dis:4    | You fall through a shaft!
111378 | Dis:7    | Entered Level 7 of the Iron City of Dis
111423 | Dis:7    | Reached skill level 15 in Charms
112136 | Dis:7    | Noticed WhatIsLove's ghost (legendary KoAr)
112160 | Dis:7    | Killed WhatIsLove's ghost
112214 | Dis:7    | Identified the Guide on Frigorific Combat Magic
112426 | Dis:7    | Got a crystal great sword
112610 | Dis:7    | Noticed Dispater
112633 | Dis:7    | Killed Dispater
112699 | Dis:7    | Got an iron rune of Zot
113060 | Lair:1   | Identified the cursed +9 great sword of Darkness {drain, rElec rC+ MR- MP+9} (You found it on level 7 of Gehenna)
113065 | Lair:1   | Identified the +9 great sword of Mourning {slice, rElec rF- Int+4 Dex+5} (You found it on level 7 of the Iron City of Dis)
113309 | Pan      | Entered Pandemonium
113371 | Pan      | Noticed Piok the pandemonium lord
113385 | Pan      | Killed Piok the pandemonium lord
113631 | Pan      | Found an exit through the horrors of the Abyss.
114165 | Pan      | Noticed a seraph
114175 | Pan      | Killed a seraph
114184 | Pan      | Found a glowing golden altar of the Shining One.
114221 | Pan      | Got a clouded lead amulet
114223 | Pan      | Got a pair of bloodstained boots
114233 | Pan      | Got a vibrating marble ring
114237 | Pan      | Got a demonic rune of Zot
114292 | Pan      | Identified the +2 pair of boots of Ploruppe {Str+5 Int-5} (You found it in Pandemonium)
114664 | Pan      | Found a white marble altar of Elyvilon.
115344 | Pan      | Found a glowing silver altar of Zin.
115630 | Pan      | Identified the Volume of Creative Cold (You found it in Pandemonium)
115632 | Pan      | Identified the amulet of Benevolence {rCorr rElec Str-3 Int+2 Slay+4} (You found it in Pandemonium)
115633 | Pan      | Identified the ring "Thioguku" {MP+9 Dex+4} (You found it in Pandemonium)
115987 | Pan      | Found an exit through the horrors of the Abyss.
116018 | Depths:3 | Escaped Pandemonium
116509 | Pan      | Entered the realm of Mnoleg.
116509 | Pan      | Entered Pandemonium
116521 | Pan      | Gained mutation: Scrolls take you a little longer to read. [a neqoxec]
116532 | Pan      | Noticed Mnoleg
116558 | Pan      | Killed Mnoleg
116570 | Pan      | Got a glowing rune of Zot
116690 | Pan      | Found an exit through the horrors of the Abyss.
117579 | Pan      | Found an exit through the horrors of the Abyss.
117813 | Pan      | Noticed Vonnunig the pandemonium lord
117820 | Pan      | Killed Vonnunig the pandemonium lord
117947 | Pan      | Entered the realm of Lom Lobon.
117977 | Pan      | Found an exit through the horrors of the Abyss.
118539 | Pan      | Noticed Lom Lobon
118550 | Pan      | Sank and fell apart

Action                   |  1- 3 |  4- 6 |  7- 9 | 10-12 | 13-15 | 16-18 | 19-21 | 22-24 | 25-27 || total
-------------------------+-------+-------+-------+-------+-------+-------+-------+-------+-------++-------
Melee: War axe           |   118 |   210 |   323 |   606 |  1159 |    29 |       |       |       ||  2445
       Glaive            |       |       |       |     3 |       |       |       |       |       ||     3
       Scimitar          |       |       |       |       |    13 |       |       |       |       ||    13
       Battleaxe         |       |       |       |       |   125 |  1094 |   546 |       |       ||  1765
       Executioner's axe |       |       |       |       |       |       |   709 |   895 |  9716 || 11320
 Fire: Blowgun           |       |       |       |     2 |     4 |    26 |       |       |       ||    32
Throw: Javelin           |       |       |       |       |       |       |    21 |       |       ||    21
 Cast: Cure Poison       |       |       |       |       |       |    24 |     1 |       |    16 ||    41
       Necromutation     |       |       |       |       |       |       |       |       |    63 ||    63
       Haste             |       |       |       |       |       |       |       |       |    25 ||    25
       Cigotuvi's Embrac |       |       |       |       |       |       |       |       |    22 ||    22
       Flight            |       |       |       |       |       |       |       |       |    14 ||    14
       Deflect Missiles  |       |       |       |       |       |       |       |       |     2 ||     2
Invok: Greater Servant o |       |       |       |     2 |       |       |     1 |       |       ||     3
       Lesser Servant of |       |       |       |     1 |       |       |       |       |       ||     1
       Minor Destruction |       |       |       |       |       |       |    11 |       |     9 ||    20
 Abil: Device Recharging |       |       |     2 |     1 |       |       |       |       |       ||     3
       Breathe Fire      |       |       |       |       |       |     4 |       |       |       ||     4
       Spit Poison       |       |       |       |       |       |     2 |       |       |       ||     2
       Evoke Blink       |       |       |       |       |       |       |       |       |    14 ||    14
       Evoke Flight      |       |       |       |       |       |       |       |       |     1 ||     1
Evoke: Wand              |     1 |     2 |    11 |    26 |    10 |    20 |     3 |     4 |    22 ||    99
       Deck              |       |       |       |       |     2 |     2 |       |       |     6 ||    10
       Fan of gales      |       |       |       |       |       |       |     2 |       |       ||     2
       Stone of tremors  |       |       |       |       |       |       |     1 |       |       ||     1
       Rod               |       |       |       |       |       |       |       |     2 |     8 ||    10
       Lamp of fire      |       |       |       |       |       |       |       |     1 |     6 ||     7
       Disc of storms    |       |       |       |       |       |       |       |       |     2 ||     2
       Phantom mirror    |       |       |       |       |       |       |       |       |     2 ||     2
  Use: Potion            |       |     4 |     2 |       |     4 |    13 |     1 |     5 |    69 ||    98
       Scroll            |       |       |    12 |    19 |     9 |     9 |    17 |     8 |   100 ||   174
 Stab: Invisible         |       |       |       |     1 |       |       |     8 |       |     8 ||    17
       Petrifying        |       |       |       |       |     1 |       |       |       |       ||     1
       Petrified         |       |       |       |       |     5 |       |       |       |       ||     5
       Confused          |       |       |       |       |     1 |       |       |       |       ||     1
       Fleeing           |       |       |       |       |       |       |       |     1 |       ||     1
       Distracted        |       |       |       |       |       |       |       |       |    10 ||    10
       Paralysed         |       |       |       |       |       |       |       |       |     1 ||     1
  Eat: Chunk             |     1 |     7 |    12 |    20 |    63 |    38 |   105 |    40 |   310 ||   596
       Bread ration      |       |       |       |       |       |     1 |       |       |    10 ||    11
       Beef jerky        |       |       |       |       |       |       |     1 |       |     6 ||     7
       Fruit             |       |       |       |       |       |       |       |     4 |    11 ||    15
       Meat ration       |       |       |       |       |       |       |       |     1 |     3 ||     4
       Pizza             |       |       |       |       |       |       |       |       |     8 ||     8
       Royal jelly       |       |       |       |       |       |       |       |       |    12 ||    12
